 Dungeon Crawl Stone Soup version 0.30-a0-996-ga6910c8ee8 (webtiles) character file.

Game seed: 14927837668490035363

575851 ytrimaz the Invulnerable (level 27, -5/224 HPs)
             Began as a Formicid Fighter on Apr 5, 2023.
             Was a High Priest of Okawaru.
             Slain by a nagaraja
             ... wielding a +0 spear
              (6 damage)
             ... on level 15 of a ziggurat.
             The game lasted 01:39:29 (54569 turns).

ytrimaz the Invulnerable (Formicid Fighter)        Turns: 54569, Time: 01:39:29

Health: -5/224     AC: 48    Str: 34    XL:     27
Magic:  2/30       EV: 10    Int: 19    God:    Okawaru [*****.]
Gold:   5226       SH: 31    Dex: 16    Spells: 26/26 levels left

rFire   + + .      SeeInvis +    n - +8 frozen axe "Frostbite" {freeze, freezing cloud, *Noise Fly rC+}
rCold   + + +      Faith    .    T - +6 tower shield "Ebedad" {-Tele rC+++ Regen+ Stlth+}
rNeg    + + +      Spirit   .    L - +12 gold dragon scales
rPois   +          Reflect  .    (helmet unavailable)
rElec   +          Rampage  .    x - +2 cloak {rCorr}
rCorr   +          Clarity  +    X - +2 pair of gloves {Dex+3}
Will    ++++.                    W - +1 pair of boots of Maihui Geta {Will- Regen+ Str+5 Dex-2} Stlth
                                 u - amulet of the Four Winds {rN+ Will+++ Clar}
HPRegen 2.17/turn                M - ring of Limman {rElec rC+++ rN+ AC+4 Int+2}
MPRegen 0.22/turn                E - ring "Yvaedghar" {rElec rF+ rN+ Dex+3}

@: mighty, lethally poisoned (-5 -> -66), finesse-ful, flying, constricted,
studying 5 skills
A: permanent stasis, dig shafts and tunnels, antennae 3, four strong arms,
hooves 1, clever 1, cold resistance 1, deformed body, frail 1, evolution 2
}: 4/15 runes: barnacled, slimy, silver, gossamer
a: Dig, Shaft Self, Renounce Religion, Heroism, Finesse, Duel


You were on level 15 of a ziggurat.
You worshipped Okawaru.
Okawaru was extremely pleased with you.
You visited 11 branches of the dungeon, and saw 49 of its levels.
You visited 1 ziggurat, and saw 15 of its levels.
You also visited: Trove, Bailey, Ice Cave and Volcano.

You collected 10143 gold pieces.
You spent 4917 gold pieces at shops.


Innate Abilities, Weirdness & Mutations

You cannot be hasted, slowed, berserked, paralysed or teleported.
You can dig through walls and to a lower floor.
You have a pair of large antennae on your head. (SInv)
Your four strong arms can wield two-handed weapons with a shield.
You have large cloven feet.
Your mind is acute. (Int +4, Str/Dex -1)
Your flesh is cold resistant. (rC+)
Armour fits poorly on your strangely shaped body.
You are frail. (-10% HP)
You have great hidden genetic potential.


   Skills:
 O Level 27 Fighting
 - Level 0.8 Long Blades
 + Level 22.0 Axes
 - Level 10.0 Throwing
 O Level 27 Armour
 + Level 9.4 Dodging
 O Level 27 Shields
 - Level 10.0 Invocations


You had 26 spell levels left.
You didn't know any spells.
Your spell library contained the following spells:

 Spells                   Type           Power      Damage    Failure   Level
 Apportation              Tloc           0%         N/A       65%         1
 Beastly Appendage        Tmut           0%         N/A       65%         1
 Foxfire                  Conj/Fire      0%         2x1d4     65%         1
 Freeze                   Ice            0%         1d3       65%         1
 Kiss of Death            Conj/Necr      0%         2d5       65%         1
 Magic Dart               Conj           0%         1d3       65%         1
 Necrotise                Necr           0%         1d4       65%         1
 Sandblast                Erth           0%         2d4       65%         1
 Sting                    Tmut/Pois      0%         1d3       65%         1
 Cigotuvi's Dreadful Rot  Necr/Pois/Air  0%         N/A       80%         2
 Ensorcelled Hibernation  Hex/Ice        0%         N/A       80%         2
 Lesser Beckoning         Tloc           0%         N/A       80%         2
 Momentum Strike          Conj/Tloc      0%         3d8       80%         2
 Poisonous Vapours        Pois/Air       0%         N/A       80%         2
 Scorch                   Fire           0%         2d5       80%         2
 Sublimation of Blood     Necr           0%         N/A       80%         2
 Wereblood                Tmut           0%         N/A       80%         2
 Dazzling Flash           Conj/Hex       0%         N/A       95%         3
 Frozen Ramparts          Ice            0%         1d1       95%         3
 Gell's Gravitas          Tloc           0%         N/A       95%         3
 Hailstorm                Conj/Ice       0%         3d3       95%         3
 Inner Flame              Hex/Fire       0%         N/A       95%         3
 Kindle Blastsparks       Fire/Tloc/Air  0%         2d10      95%         3
 Mephitic Cloud           Conj/Pois/Air  0%         N/A       95%         3
 Ozocubu's Armour         Ice            0%         N/A       95%         3
 Portal Projectile        Hex/Tloc       0%         N/A       95%         3
 Spider Form              Tmut/Pois      0%         N/A       95%         3
 Stone Arrow              Conj/Erth      0%         3d7       95%         3
 Teleport Other           Tloc           0%         N/A       95%         3
 Vampiric Draining        Necr           0%         2d6       95%         3
 Anguish                  Hex/Necr       0%         N/A       100%        4
 Cause Fear               Hex            0%         N/A       100%        4
 Dispel Undead            Necr           0%         3d6       100%        4
 Flame Wave               Conj/Fire      0%         2d4       100%        4
 Fulminant Prism          Conj/Hex       0%         3d5       100%        4
 Iskenderun's Mystic Bla  Conj/Tloc      0%         2d3       100%        4
 Leda's Liquefaction      Hex/Erth       0%         N/A       100%        4
 Manifold Assault         Tloc           0%         N/A       100%        4
 Olgreb's Toxic Radiance  Pois           0%         N/A       100%        4
 Passage of Golubria      Tloc           0%         N/A       100%        4
 Petrify                  Tmut/Erth      0%         N/A       100%        4
 Sticky Flame             Conj/Fire      0%         2d3       100%        4
 Agony                    Necr           0%         N/A       100%        5
 Alistair's Intoxication  Tmut/Pois      0%         N/A       100%        5
 Arcjolt                  Conj/Air       0%         1d10      100%        5
 Blade Hands              Tmut           0%         N/A       100%        5
 Borgnjor's Vile Clutch   Necr/Erth      0%         N/A       100%        5
 Fireball                 Conj/Fire      0%         3d3       100%        5
 Freezing Cloud           Conj/Ice/Air   0%         6-21      100%        5
 Irradiate                Conj/Tmut      0%         3d11      100%        5
 Iskenderun's Battlesphe  Conj           0%         2d6       100%        5
 Lee's Rapid Deconstruct  Erth           0%         3d4*      100%        5
 Metabolic Englaciation   Hex/Ice        0%         N/A       100%        5
 Silence                  Hex/Air        0%         N/A       100%        5
 Yara's Violent Unravell  Hex/Tmut       0%         3d3       100%        5
 Conjure Ball Lightning   Conj/Air       0%         3x3d6     100%        6
 Dispersal                Tloc           0%         N/A       100%        6
 Iron Shot                Conj/Erth      0%         9d1       100%        6
 Plasma Beam              Fire/Air       0%         2x1d11    100%        6
 Starburst                Conj/Fire      0%         6d3       100%        6
 Dragon Form              Tmut           0%         N/A       100%        7
 Enfeeble                 Hex            0%         N/A       100%        7
 Orb of Destruction       Conj           0%         9d5       100%        7
 Ozocubu's Refrigeration  Ice            0%         4d7       100%        7
 Storm Form               Tmut/Air       0%         N/A       100%        7
 Borgnjor's Revivificati  Necr           0%         N/A       100%        8
 Discord                  Hex            0%         N/A       100%        8
 Disjunction              Tloc           0%         N/A       100%        8
 Ignition                 Fire           0%         3d3       100%        8
 Lehudib's Crystal Spear  Conj/Erth      0%         10d2      100%        8
 Maxwell's Capacitive Co  Air            0%         ∞         100%        8
 Necromutation            Tmut/Necr      0%         N/A       100%        8
 Death's Door             Necr           0%         N/A       100%        9
 Polar Vortex             Ice            0%         N/A       100%        9
 Shatter                  Erth           0%         3d5*      100%        9
 Summon Small Mammal      Summ           Unusable   N/A       N/A         1
 Blink                    Tloc           Unusable   N/A       N/A         2
 Call Canine Familiar     Summ           Unusable   N/A       N/A         3
 Tukima's Dance           Hex            Unusable   N/A       N/A         3
 Animate Armour           Summ/Erth      Unusable   N/A       N/A         4
 Summon Lightning Spire   Summ/Air       Unusable   N/A       N/A         4
 Summon Forest            Summ/Tloc      Unusable   N/A       N/A         5
 Death Channel            Necr           Unusable   N/A       N/A         6
 Simulacrum               Ice/Necr       Unusable   N/A       N/A         6
 Haunt                    Necr/Summ      Unusable   N/A       N/A         7
 Summon Hydra             Summ           Unusable   N/A       N/A         7
 Dragon's Call            Summ           Unusable   N/A       N/A         9

Inventory:

Hand Weapons
 k - a +9 spectral executioner's axe
   (You bought it in a shop on level 1 of the Vaults)
 n - the +8 frozen axe "Frostbite" (weapon) {freeze, freezing cloud, *Noise Fly rC+}
   (You took it off a frost giant on level 2 of the Depths)

   rC:        It protects you from cold.
   Fly:       It grants you flight.
   *Noise:    It may make noises in combat.
Missiles
 a - 28 javelins
 s - 6 throwing nets
Armour
 x - a +2 cloak of preservation (worn)
   (You found it on level 5 of the Pits of Slime)
 L - +12 gold dragon scales (worn)
   (You found it on level 5 of the Vaults)
 T - the +6 tower shield "Ebedad" (worn) {-Tele rC+++ Regen+ Stlth+}
   (Okawaru gifted it to you on level 1 of the Spider Nest)

   rC:        It renders you almost immune to cold.
   -Tele:     It prevents most forms of teleportation.
   Regen:     It increases your rate of health regeneration.
   Stlth:     It makes you more stealthy.
 W - the +1 pair of boots of Maihui Geta (worn) {Will- Regen+ Str+5 Dex-2}
   (Okawaru gifted it to you on level 5 of the Lair of Beasts)

   Str:       It affects your strength (+5).
   Dex:       It affects your dexterity (-2).
   Regen:     It increases your rate of health regeneration.
   Will:      It decreases your willpower.
 X - a +2 pair of gloves of dexterity (worn)
   (You found it on level 5 of the Pits of Slime)
Jewellery
 h - a ring of wizardry
   (You found it on level 4 of a ziggurat)
 i - the ring "Yttune" {Fly rPois rN+++ Int+4 Dex-2}
   (You found it on level 5 of a ziggurat)

   [ring of flight]

   Int:       It affects your intelligence (+4).
   Dex:       It affects your dexterity (-2).
   rPois:     It protects you from poison.
   rN:        It renders you almost immune to negative energy.
   Fly:       It grants you flight.
 m - a ring of willpower
   (You found it on level 6 of a ziggurat)
 r - a +6 ring of dexterity
   (You found it on level 8 of a ziggurat)
 u - the amulet of the Four Winds (around neck) {rN+ Will+++ Clar}
   (You found it on level 5 of the Pits of Slime)

   [amulet of nothing]

   rN:        It protects you from negative energy.
   Clar:      It protects you against confusion.
   Will:      It greatly increases your willpower.
 A - a ring of protection from fire
   (You found it on level 8 of a ziggurat)
 B - a +6 ring of intelligence
   (You found it on level 8 of a ziggurat)
 E - the ring "Yvaedghar" (right hand) {rElec rF+ rN+ Dex+3}
   (You found it on level 5 of the Vaults)

   [ring of positive energy]

   Dex:       It affects your dexterity (+3).
   rF:        It protects you from fire.
   rElec:     It insulates you from electricity.
   rN:        It protects you from negative energy.
 G - a +6 ring of intelligence
   (You found it on level 9 of a ziggurat)
 J - the ring "Limuuh" {rF+ rC+ Slay+2}
   (You found it on level 9 of a ziggurat)

   [ring of protection from fire]

   Slay:      It affects your accuracy & damage with ranged weapons and melee
   (+2).
   rF:        It protects you from fire.
   rC:        It protects you from cold.
 M - the ring of Limman (left hand) {rElec rC+++ rN+ AC+4 Int+2}
   (You found it in an ice cave)

   [ring of protection]

   AC:        It affects your AC (+4).
   Int:       It affects your intelligence (+2).
   rC:        It renders you almost immune to cold.
   rElec:     It insulates you from electricity.
   rN:        It protects you from negative energy.
 N - an amulet of guardian spirit
   (You found it on level 10 of a ziggurat)
 O - a ring of protection from cold
   (You found it on level 10 of a ziggurat)
 R - an amulet of the acrobat
   (You found it on level 13 of a ziggurat)
 U - a ring of magical power
   (You found it on level 13 of a ziggurat)
 Y - a ring of protection from fire
   (You found it on level 13 of a ziggurat)
 Z - the ring of Copsid {Wiz Fly Will+ Dex+3}
   (You found it on level 14 of a ziggurat)

   [ring of wizardry]

   It improves your spell success rate.
   Dex:       It affects your dexterity (+3).
   Fly:       It grants you flight.
   Will:      It increases your willpower.
Wands
 b - a wand of mindburst (12)
   (You found it on level 1 of the Elven Halls)
 f - a wand of digging (12)
   (You found it on level 4 of the Spider Nest)
 v - a wand of flame (50)
   (You found it on level 7 of the Dungeon)
 y - a wand of paralysis (22)
   (You found it on level 1 of the Shoals)
 D - a wand of acid (26) (quivered)
   (You found it on level 11 of the Dungeon)
 F - a wand of polymorph (9)
   (You found it on level 11 of the Dungeon)
 S - a wand of roots (28)
   (You found it on level 3 of the Shoals)
Scrolls
 o - 5 scrolls of enchant armour
 C - 14 scrolls of fog
 H - 5 scrolls of magic mapping
 I - 8 scrolls of fear
 K - 7 scrolls of poison
 Q - a scroll of enchant weapon
 V - a scroll of amnesia
Potions
 c - 3 potions of invisibility
 d - a potion of might
 e - 11 potions of flight
 g - 4 potions of mutation
 j - 19 potions of curing
 l - 6 potions of resistance
 p - a potion of brilliance
 q - 2 potions of magic
 t - 7 potions of cancellation
 w - 9 potions of attraction
 z - 9 potions of heal wounds
 P - 7 potions of ambrosia

Dungeon Overview and Level Annotations

Branches:
Dungeon (15/15) Zot: 25073  Temple (1/1) D:4 Zot: 5679    Lair (5/5) D:11 Zot: 21148
 Shoals (4/4) Lair:2 Zot: 20460  Spider (4/4) Lair:3 Zot: 20272   Slime (5/5) Lair:5 Zot: 26206
    Orc (2/2) D:10 Zot: 9387     Elf (3/3) Orc:2 Zot: 15107  Vaults (5/5) D:14 Zot: 23898
  Crypt (0/3) Vaults:3     Depths (4/4) D:15 Zot: 20109    Hell (visited)
    Zot (0/5) Depths:4     Bailey (visited)           IceCv (visited)
Volcano (visited)
    Dis: Hell:1         Geh: Hell:1         Coc: Hell:1         Tar: Hell:1

Altars:
Ashenzari
Cheibriados
Dithmenos
Elyvilon
Fedhas
Gozag
Hepliaklqana
Kikubaaqudgha
Makhleb
Nemelex Xobeh
Okawaru
Qazlal
Ru
Sif Muna
Trog
Uskayaw
Vehumet
Wu Jian
Xom
Yredelemnul
Zin
The Shining One
Lugonu

Shops:
D:12 (??[*   D:14 [:(*   Orc:1 (   Orc:2 *[=(   Elf:3 [   Vaults:1 *[
Vaults:3 !   Vaults:4 [[   Depths:3 :

Portals:
Hell: Depths:1 Depths:2 Depths:3 Depths:4
Abyss: Lair:2 Depths:3 Depths:4
Pandemonium: Depths:1 Depths:2 Depths:3 Depths:4

Annotations:
D:6 2 transporters
D:14 2 transporters
Lair:1 1 runed translucent door, Gardakan's ghost, journeyman DEFE
Lair:2 2 transporters, Rudyous's ghost, journeyman DsFE
Lair:3 3 runed translucent doors, CornPuffBuddha's ghost, journeyman DrBe
Lair:5 1 runed translucent door, exclusion: door
Spider:3 1 runed translucent door, Daifof's ghost, adept MfFi
Orc:1 1 runed translucent door, exclusion: 4 orange crystal statues
Depths:4 1 runed translucent door, Likado's ghost, veteran DESu

.§8§...........§8§..▓▓
.§§§...........≈≈≈...▓
..§§§.....s..........▓▓
......................▓
......................▓
...................$($▓
...............°§.|)∩)▓▓
.............†§DSN}[>:?▓
..............mt@s[$∩:▓
..............)NNN.?|:▓
................§.....▓
......................▓
.................§§..▓▓
.≈≈≈...........≈§§...▓
.≈8≈...........§8§..▓▓
........§≈≈.▓▓


You could see an alligator snapping turtle, an emperor scorpion, 4 nagarajas, a
merfolk javelineer, a swamp dragon, a guardian serpent and a jumping spider.


Message History

You block the guardian serpent's attack.
Your Axes skill increases to level 22! 😱 HP[-2]
You take 2 damage, and now have 52/224 hp.
Unknown command.
The jumping spider attacks as you move away!
You block the jumping spider's attack. x2
You feel very sick. You block the nagaraja's attack. x2
The nagaraja hits you from afar with a +0 spear!
* * * LOW HITPOINT WARNING * * *
The nagaraja spits poison at you. The splash of poison misses you.
The emperor scorpion stings you but does no damage.
The emperor scorpion claws you but does no damage. x2
The nagaraja casts a spell at you.
The bolt of poison misses the guardian serpent.
The bolt of poison hits you.
You are more poisoned.
You resist.
* * * LOW HITPOINT WARNING * * *
You block the guardian serpent's attack.
You block the merfolk javelineer's attack.
The swamp dragon bites you but does no damage.
The swamp dragon barely misses you. The swamp dragon closely misses you.
The nagaraja hits you but does no damage.
The nagaraja grabs you. The nagaraja constricts you.
* * * LOW HITPOINT WARNING * * *
The nagaraja hits you but does no damage.
The alligator snapping turtle bites you from afar!!
* * * LOW HITPOINT WARNING * * *
The nagaraja hits you but does no damage. 😱 HP[-47]
You take 47 damage, and now have 5/224 hp.
MASSIVE DAMAGE!! (PAUSE)
You feel much better.
You feel extremely sick. You block the nagaraja's attack.
The jumping spider leaps!
You block the guardian serpent's attack.
You block the emperor scorpion's attack.
The emperor scorpion completely misses you. x2
The nagaraja spits poison at you.
The splash of poison hits you but does no damage.
You resist. The nagaraja constricts you. You block the nagaraja's attack.
The nagaraja barely misses you.
The merfolk javelineer throws a silver javelin.
The silver javelin pierces through you but does no damage.
The silver sears you!
* * * LOW HITPOINT WARNING * * *
The silver javelin pierces through the emperor scorpion but does no damage.
The swamp dragon bites you but does no damage.
You block the swamp dragon's attack. The swamp dragon tramples you.
* * * LOW HITPOINT WARNING * * *
You are held in place!
You block the nagaraja's attack.
The guardian serpent coils itself and waves its upper body at you.
The nagaraja blinks!
The alligator snapping turtle blinks!
The nagaraja blinks! 😱 HP[+14]
You regained 14 hp, and now have 19/224 hp.
You feel much better.
You feel extremely sick. The nagaraja casts a spell at you.
The bolt of poison hits you but does no damage.
You are more poisoned.
You resist.
The bolt of poison hits the swamp dragon.
The nagaraja constricts you.
The emperor scorpion stings you but does no damage.
You block the emperor scorpion's attack. x2
The nagaraja is engulfed in freezing vapours.
You block the nagaraja's attack. The nagaraja casts a spell at you.
The bolt of poison hits you!
You are lethally poisoned!
You resist.
* * * LOW HITPOINT WARNING * * *
The bolt of poison hits the nagaraja!
The alligator snapping turtle bites you but does no damage.
The nagaraja is engulfed in freezing vapours.
The nagaraja gestures at you while chanting.
The poison arrow hits you!
You are more poisoned.
You partially resist.
* * * LOW HITPOINT WARNING * * *
The guardian serpent barely misses you.
The merfolk javelineer hits you but does no damage.
You are more poisoned.
The swamp dragon bites you but does no damage.
The swamp dragon claws you.
* * * LOW HITPOINT WARNING * * *
The swamp dragon barely misses you.
The nagaraja hits you but does no damage.
The nagaraja constricts you.
The nagaraja points at you and mumbles some strange words.
You resist with almost no effort.
The emperor scorpion stings you but does no damage.
The emperor scorpion claws you but does no damage. x2
The nagaraja is engulfed in freezing vapours.
The nagaraja hits you with a +0 spear.
You die...

Skill      XL: |  1  2  3  4  5  6  7  8  9 10 11 12 13 14 15 16 17 18 19 20 21 22 23 24 25 26 27 |
---------------+----------------------------------------------------------------------------------+-----
Axes           | 3 4 5 7 8 9 11 15 17 19 20 22 | 22.0
Invocations    | 2 6 7 8 10 | 10.0
Fighting       | 6 9 12 14 15 18 20 23 26 27 | 27.0
Armour         | 6 9 11 13 15 18 21 24 26 27 | 27.0
Shields        | 8 12 15 16 20 24 27 | 27.0
Throwing       | 4 9 10 | 10.0
Dodging        | 9 |  9.4
Long Blades    | |  0.8

Action                     |  1- 3 |  4- 6 |  7- 9 | 10-12 | 13-15 | 16-18 | 19-21 | 22-24 | 25-27 || total
---------------------------+-------+-------+-------+-------+-------+-------+-------+-------+-------++-------
  Melee: War axe           |    67 |       |       |   176 |   669 |       |       |       |       ||   912
         Hand axe          |     4 |   166 |   210 |   508 |       |       |       |       |       ||   888
         Kick              |       |    11 |    73 |    84 |       |       |       |       |       ||   168
         Battleaxe         |       |       |       |       |   346 |  1085 |  1522 |  1196 |   149 ||  4298
         Executioner's axe |       |       |       |       |       |       |       |       |   785 ||   785
 Invoke: Heroism           |       |       |     4 |    14 |     5 |     3 |     2 |     3 |     1 ||    32
         Finesse           |       |       |       |     6 |    10 |     9 |     8 |     5 |    12 ||    50
         Duel              |       |       |       |       |       |     1 |     1 |       |       ||     2
Ability: Shaft Self        |       |       |       |       |     1 |     1 |       |       |       ||     2
         Dig               |       |       |       |       |     1 |       |       |       |       ||     1
  Evoke: Wand              |       |       |       |    25 |     7 |       |       |     3 |     1 ||    36
    Use: Scroll            |     4 |     3 |     2 |     7 |    10 |     5 |     1 |     1 |    23 ||    56
         Potion            |       |     2 |     1 |       |     7 |     4 |     6 |     4 |    16 ||    40
   Stab: Distracted        |       |       |       |       |       |     1 |       |       |     2 ||     3
         Invisible         |       |       |       |       |       |       |       |    26 |     3 ||    29
 Armour: Scale mail        |    37 |    77 |    23 |       |       |       |       |       |       ||   137
         Plate armour      |       |       |    46 |   364 |   632 |    86 |       |       |       ||  1128
         Chain mail        |       |       |    10 |       |       |       |       |       |       ||    10
         Crystal plate arm |       |       |       |       |       |   745 |   719 |   540 |    64 ||  2068
         Gold dragon scale |       |       |       |       |       |       |       |       |   583 ||   583
         Skin              |       |       |       |       |       |       |       |       |     1 ||     1
  Dodge: Dodged            |    37 |    63 |    76 |   264 |   346 |   225 |   206 |   221 |   257 ||  1695
  Block: Buckler           |    21 |    38 |    52 |   156 |    49 |       |       |       |       ||   316
         Kite shield       |       |       |       |       |   651 |   164 |       |       |       ||   815
         Reflection        |       |       |       |       |    17 |    15 |       |       |       ||    32
         Tower shield      |       |       |       |       |       |  1326 |  1709 |  1509 |  1320 ||  5864

Levels and vault maps discovered:
D:1:      arrival_zaba_pyramid, layout_basic, minivault_4, minmay_pentomino_w4
D:2:      layout_loops_ring, uniq_jessica
D:3:      layout_basic
D:4:      layout_loops_ring, minmay_temple_entry_mini_moons
D:5:      cheibrodos_fzero, layout_basic, ebering_dispersal_statue_hall
D:6:      gammafunk_cloud_chamber, layout_basic, uniq_maggie
D:7:      layout_cave_pools, amethyst_overflow_temple_binary,
          minmay_shop_grid_forest, kennysheep_cluttered_room,
          minmay_misc_feat_chi, uniq_prince_ribbit1
D:8:      layout_loops_ring, kennysheep_generic_room_10, uniq_grum
D:9:      layout_cave_pools, lemuel_crystal_altar, enter_bailey_2
D:10:     layout_basic, orc_0_dummy, minmay_misc_feat_cross,
          chequers_serial_rivers_micro_d, kennysheep_decorative_pillar
D:11:     layout_irregular_city, lair_entry_dummy, enter_trove_5
D:12:     layout_cave_pools, serial_shops, nicolae_square_shop,
          nicolae_shop_advertising_works [nicolae_subvault_shop_adworks],
          nicolae_lakefront_shop, nicolae_shop_waterfront,
          nicolae_shop_waterfront, uniq_urug, uniq_snorg, uniq_frances
D:13:     layout_small_grid
D:14:     layout_irregular_city, david_vaults_3, minmay_misc_feat_five,
          serial_shops, nicolae_shop_bloodbath_and_beyond,
          nicolae_inconvenience_store, shop, shop, nicolae_diode_stairs
D:15:     gammafunk_depths_entry_grave, layout_cave_pods,
          dreamdust_wishing_well, serial_park, serial_park_avenue1,
          serial_park_avenue1, serial_park_tiny_2, uniq_kirke, uniq_jorgrun
Temple:   compressed_dpeg_triangle_lava_temple
Lair:1:   layout_chaotic_city, hellmonk_ghost_happy_afterlife,
          lemuel_old_faithful, serial_bayou_shore_b, uniq_nergalle
Lair:2:   layout_small_grid, minmay_shoals_entry_lonely_mermaid,
          gammafunk_ghost_abyssal_escape, uniq_harold, uniq_sonja
Lair:3:   layout_misc_corridors, nicolae_spider_entry_non_spiders,
          gammafunk_ghost_icy
Lair:4:   layout_gridlike
Lair:5:   wormcave, layout_gridlike, slime_entry_2, pdpol_lair_cavern_descent,
          grunt_megastairs_4
Shoals:1: layout_shoals, uniq_nikola
Shoals:2: nzn_motion_control, layout_shoals, uniq_louise
Shoals:3: layout_shoals, uniq_mara, uniq_mlioglotl
Shoals:4: shoals_end_grunt_ice, layout_shoals, overgrown_hall
Spider:1: layout_chambers, nicolae_spider_moth_buddies, uniq_agnes
Spider:2: layout_spider_delve, portal_ice_cave_entry_pillars_1,
          hangedman_spider_tarantella_strand
Spider:3: layout_spider_delve, gammafunk_ghost_grave, uniq_arachne
Spider:4: floodkiller_spider_rune_tomb, nicolae_arachne_temple
Slime:1:  layout_caves
Slime:2:  layout_caves
Slime:3:  layout_caves, cheibrodos_slime_lost_civilization_5
Slime:4:  layout_caves
Slime:5
Orc:1:    layout_caves, serial_shops, nicolae_shop_statue_plus,
          nicolae_volcano_entry_batcave, chequers_guarded_unrand_ignorance
Orc:2:    grunt_orc_cross, layout_caves, basic_altar
Elf:1:    minmay_elf_arrival_summoners, layout_rooms, basic_altar,
          hangedman_elven_crosses_minicolossus, uniq_aizul
Elf:2:    nicolae_elf_blades_crystal_corner, layout_gridlike, drop_trap,
          minivault_24, feat_on_display, uniq_azrael
Elf:3:    minmay_elf_hall_dome, layout_onion_city, serial_shops, shop
Vaults:1: ontoclasm_vaults_fault, nicolae_vaults_network_star,
          vaults_room_hallway, vaults_room_mumra_shop_pool,
          vaults_dpeg_encased_lava, ontoclasm_vaults_hangar, v_misc_23,
          nicolae_vaults_what_the_h, vaults_room_stairs_pillars,
          vaults_room_pools, vaults_room_semicircle, v_alt_pattern_5,
          vaults_room_hallway, nicolae_vaults_asterisk,
          layout_vaults_chaotic_city, serial_shops, nicolae_shop_crystal
Vaults:2: vaults_room_ringed_pool, nicolae_vaults_little_squares_3,
          st_octagons_2, hangedman_vaults_hat, vaults_dpeg_diagonal,
          ontoclasm_vaults_ring_large, hangedman_vaults_capsules,
          vaults_room_stairs_pillars, nicolae_vaults_shelves_hall,
          vaults_room_hallway, ontoclasm_vaults_chip, layout_vaults_ring
Vaults:3: v_misc_26, vaults_mumra_lcd, hangedman_vaults_impose,
          nicolae_vaults_network_quinsquares
          [nicolae_vaults_network_quincunx_subvault,
          nicolae_vaults_network_quincunx_subvault,
          nicolae_vaults_network_quincunx_subvault,
          nicolae_vaults_network_quincunx_subvault],
          vaults_standard_mumra_lines, v_misc_14, v_alt_pattern_1, v_misc_9,
          minmay_crypt_entry_necro_gods, v_misc_2, v_misc_15,
          hangedman_vaults_locks, ontoclasm_vaults_hangar,
          nicolae_vaults_meeting, layout_vaults_maze_snakey, serial_shops,
          nicolae_shop_trees
Vaults:4: vaults_mumra_chevron, nicolae_vaults_angled_halls,
          hangedman_vaults_snaps, nicolae_vaults_yaktaur_gun_rack,
          nicolae_vaults_little_squares_3, dpeg_vaults_monster_box,
          special_room_vaults [special_room_orc], v_misc_33, v_misc_30,
          nicolae_vaults_rhombus_5, nicolae_vaults_sealed_display,
          vaults_dpeg_ring, layout_vaults_omnicross, serial_shops, shop
Vaults:5
Depths:1: layout_gridlike, hell_entry, rand_demon_pan_entry_3,
          minmay_misc_feat_roman, amcnicky_mini_pool_small,
          nicolae_ru_sacrificial_ziggurat
Depths:2: minmay_coctagon, layout_cross, enter_ziggurat_f,
          grunt_hell_entry_demonic_statue, rand_demon_pan_entry_9, uniq_sojobo
Depths:3: minmay_distorted_concentric_squares, layout_basic,
          abyss_entry_flame_altar, rand_demon_pan_entry_8,
          hangedman_abyss_or_decor_jellyfish_corner, hell_entry, serial_shops,
          shop, minmay_mirror_moons_of_madness, uniq_saint_roka
Depths:4: grunt_crosshair, layout_cave_pools, ebering_ghost_inner_flame,
          minmay_misc_feat_tower, abyss_entry, hell_entry,
          rand_demon_pan_entry_4, xom_redecorated, uniq_margery
Hell
Zig:15

Notes
Turn   | Place    | Note
-------+----------+-------------------------------------------
     0 | D:1      | ytrimaz the Formicid Fighter began the quest for the Orb.
     0 | D:1      | Reached XP level 1. HP: 18/18 MP: 1/1
     0 | D:1      | magus.rc [v1.9.6]
   135 | D:1      | Reached XP level 2. HP: 24/24 MP: 2/2
   218 | D:1      | Reached skill level 3 in Axes
   306 | D:1      | Reached XP level 3. HP: 27/29 MP: 3/3
  1189 | D:2      | Reached skill level 4 in Axes
  1189 | D:2      | Reached XP level 4. HP: 24/35 MP: 4/4
  1406 | D:2      | You pick up a book of Fire and begin reading...
  1406 | D:2      | You add the spells Foxfire, Fireball, Plasma Beam and
                  | Starburst to your library.
  1518 | D:2      | Noticed Jessica
  1529 | D:2      | Killed Jessica
  1685 | D:2      | Identified the +2 ring mail of Weedwar {Harm rC+ MP+9
                  | Int+4}
  1729 | D:2      | Reached XP level 5. HP: 37/41 MP: 5/5
  1951 | D:3      | Reached skill level 5 in Axes
  2403 | D:3      | Identified the +9 great sword of Wingiumn {heavy, Fragile
                  | rF+++ Will- rCorr}
  2836 | D:3      | Gained mutation: You have sharp toenails. [potion of
                  | mutation]
  2836 | D:3      | Gained mutation: You occasionally lose the ability to drink
                  | potions when taking damage. [potion of mutation]
  2836 | D:3      | Gained mutation: You have razor-sharp toenails. [potion of
                  | mutation]
  2836 | D:3      | Gained mutation: You are partially covered in iridescent
                  | scales. (AC +2) [potion of mutation]
  2994 | D:4      | Reached XP level 6. HP: 37/47 MP: 6/6
  2998 | D:4      | Reached skill level 6 in Axes
  3037 | D:4      | Noticed an ogre
  3043 | D:4      | Killed an ogre
  3117 | D:4      | Lost mutation: You occasionally lose the ability to drink
                  | potions when taking damage. [potion of mutation]
  3117 | D:4      | Lost mutation: You are partially covered in iridescent
                  | scales. (AC +2) [potion of mutation]
  3117 | D:4      | Gained mutation: You are partially covered in iridescent
                  | scales. (AC +2) [potion of mutation]
  3166 | D:4      | Found a staircase to the Ecumenical Temple.
  3175 | Temple   | Entered the Ecumenical Temple
  3479 | Temple   | Became a worshipper of Warmaster Okawaru
  3496 | D:4      | You add the spells Sting, Poisonous Vapours and Olgreb's
                  | Toxic Radiance to your library.
  3568 | D:4      | Reached skill level 7 in Axes
  3568 | D:4      | Reached XP level 7. HP: 51/52 MP: 7/7
  3911 | D:5      | Entered Level 5 of the Dungeon
  4007 | D:5      | Reached * piety under Okawaru
  4008 | D:5      | Reached skill level 8 in Axes
  4008 | D:5      | Reached skill level 1 in Invocations
  4015 | D:5      | Reached skill level 2 in Invocations
  4015 | D:5      | Reached XP level 8. HP: 29/58 MP: 5/9
  4220 | D:5      | Reached skill level 3 in Invocations
  4556 | D:5      | Reached skill level 4 in Invocations
  4558 | D:5      | Noticed a yak
  4574 | D:5      | Killed a yak
  4575 | D:5      | Reached skill level 9 in Axes
  4579 | D:5      | Reached skill level 5 in Invocations
  4581 | D:5      | Reached skill level 6 in Invocations
  4583 | D:5      | Reached ** piety under Okawaru
  4592 | D:5      | Reached XP level 9. HP: 27/64 MP: 11/14
  4598 | D:5      | Reached skill level 7 in Invocations
  4917 | D:5      | You pick up a book of Iron and begin reading...
  4917 | D:5      | You add the spells Blade Hands and Iron Shot to your
                  | library.
  4933 | D:5      | Reached skill level 4 in Fighting
  5133 | D:6      | Noticed Maggie
  5157 | D:6      | Killed Maggie
  5158 | D:6      | Reached skill level 5 in Fighting
  5158 | D:6      | Reached skill level 4 in Armour
  5239 | D:6      | Found a transporter.
  5267 | D:6      | Reached skill level 5 in Armour
  5317 | D:6      | Reached *** piety under Okawaru
  5319 | D:6      | Found a transporter.
  5430 | D:6      | Reached skill level 6 in Fighting
  5581 | D:6      | Reached skill level 6 in Armour
  5831 | D:7      | You pick up a book of Vapours and begin reading...
  5831 | D:7      | You add the spells Cigotuvi's Dreadful Rot and Mephitic
                  | Cloud to your library.
  5841 | D:7      | Found Xehiroil's Armour Boutique.
  5854 | D:7      | HP: 17/71 [steam dragon (1)]
  5859 | D:7      | Reached XP level 10. HP: 32/77 MP: 15/15
  6162 | D:7      | Noticed Prince Ribbit
  6168 | D:7      | Reached skill level 7 in Fighting
  6175 | D:7      | Killed Prince Ribbit
  6176 | D:7      | Reached skill level 7 in Armour
  6411 | D:7      | Found a hide-covered altar of Uskayaw.
  6417 | D:7      | Found a bloodstained altar of Trog.
  6634 | D:7      | Reached **** piety under Okawaru
  6715 | D:7      | Reached skill level 8 in Fighting
  7038 | D:8      | Reached skill level 8 in Armour
  7331 | D:8      | Reached skill level 9 in Fighting
  7543 | D:8      | Noticed Grum
  7565 | D:8      | Killed Grum
  7570 | D:8      | Reached skill level 9 in Armour
  7975 | D:9      | Reached XP level 11. HP: 72/90 MP: 16/16
  7999 | D:9      | HP: 17/90 [orc priest/divine providence (16)]
  8272 | D:9      | You pick up a book of Frost and begin reading...
  8272 | D:9      | You add the spells Freeze, Frozen Ramparts and Hailstorm to
                  | your library.
  8305 | D:9      | Reached skill level 10 in Fighting
  8320 | D:9      | Reached ***** piety under Okawaru
  8362 | D:9      | Found a flagged portal.
  8369 | Bailey   | Entered a bailey
  8796 | Bailey   | Noticed an orc knight
  8796 | Bailey   | Noticed an orc knight
  8796 | Bailey   | Noticed an orc knight
  8815 | Bailey   | Reached skill level 10 in Armour
  8900 | Bailey   | Killed an orc knight
  9097 | Bailey   | Killed an orc knight
  9136 | Bailey   | Killed an orc knight
  9137 | Bailey   | Reached skill level 11 in Fighting
  9344 | Bailey   | Noticed an orc knight
  9381 | Bailey   | Killed an orc knight
  9511 | D:9      | Found an ornate altar of the Wu Jian Council.
  9638 | D:9      | Reached skill level 11 in Armour
  9820 | D:9      | Noticed a two-headed ogre
  9837 | D:9      | Killed a two-headed ogre
 10212 | D:10     | Entered Level 10 of the Dungeon
 10366 | D:10     | Found a staircase to the Orcish Mines.
 11196 | D:10     | Reached skill level 12 in Fighting
 11199 | D:10     | Reached XP level 12. HP: 102/102 MP: 17/17
 11407 | D:11     | You pick up a book of the Dragon and begin reading...
 11407 | D:11     | You add the spells Cause Fear and Dragon Form to your
                  | library.
 11608 | D:11     | Noticed a two-headed ogre
 11614 | D:11     | Killed a two-headed ogre
 11615 | D:11     | Reached skill level 12 in Armour
 11780 | D:11     | Found a staircase to the Lair.
 11979 | D:11     | Noticed a vault guard
 11984 | D:11     | Killed a vault guard
 11988 | D:11     | Found a portal to a secret trove of treasure.
 11992 | D:11     | This trove needs the horn of Geryon to function. Give it
                  | the item?
 12259 | D:11     | Noticed a boulder beetle
 12285 | D:11     | Killed a boulder beetle
 12441 | Lair:1   | Entered Level 1 of the Lair of Beasts
 12475 | Lair:1   | Reached skill level 13 in Fighting
 12631 | Lair:1   | Noticed Nergalle
 12640 | Lair:1   | Killed Nergalle
 12765 | Lair:1   | Found a runed translucent door.
 12775 | Lair:1   | Noticed Gardakan's ghost (journeyman DEFE)
 12852 | Lair:1   | Reached skill level 13 in Armour
 13447 | Lair:2   | Noticed Sonja
 13448 | Lair:2   | Sonja changed into Sonja the tengu
 13448 | Lair:2   | Noticed Sonja
 13453 | Lair:2   | Killed Sonja the tengu
 13531 | Lair:2   | Received a gift from Okawaru
 13665 | Lair:2   | Found a one-way gate to the infinite horrors of the Abyss.
 13665 | Lair:2   | Noticed Rudyous's ghost (journeyman DsFE)
 13683 | Lair:2   | Found a transporter.
 13693 | Lair:2   | Noticed a cacodemon
 13792 | Lair:2   | Found a staircase to the Shoals.
 13873 | Lair:2   | Noticed Harold
 13886 | Lair:2   | Killed Harold
 13887 | Lair:2   | Reached skill level 14 in Fighting
 14043 | Lair:2   | Reached XP level 13. HP: 113/113 MP: 18/18
 14064 | Lair:2   | Reached skill level 14 in Armour
 14274 | Lair:2   | Found a transporter.
 14463 | Lair:2   | Identified 2 scrolls of acquirement
 14465 | Lair:2   | Acquired a manual of Axes
 14849 | Lair:3   | HP: 14/114 [black mamba (33)]
 14858 | Lair:2   | HP: 19/114 [black mamba (4)]
 15149 | Lair:2   | HP: 22/114 [cane toad (9)]
 15366 | Lair:3   | Noticed a six-headed hydra
 15725 | Lair:3   | Found a hole to the Spider Nest.
 15911 | Lair:3   | Killed a one-headed hydra
 15912 | Lair:3   | Reached skill level 15 in Fighting
 16122 | Lair:3   | Found a runed translucent gate.
 16122 | Lair:3   | Found a runed translucent gate.
 16122 | Lair:3   | Found a runed translucent gate.
 16166 | Lair:3   | Reached skill level 15 in Armour
 16311 | Lair:3   | Noticed CornPuffBuddha's ghost (journeyman DrBe)
 16730 | Lair:4   | Reached skill level 5 in Shields
 17144 | Lair:4   | Received a gift from Okawaru
 17232 | Lair:4   | Reached skill level 10 in Axes
 17446 | Lair:4   | Reached skill level 6 in Shields
 18026 | Lair:4   | Reached skill level 7 in Shields
 18028 | Lair:4   | Reached skill level 11 in Axes
 18212 | Lair:4   | Received a gift from Okawaru
 18485 | Lair:5   | Entered Level 5 of the Lair of Beasts
 18491 | Lair:5   | Found a runed translucent door.
 18543 | Lair:5   | Reached skill level 8 in Shields
 18620 | Lair:5   | Reached XP level 14. HP: 80/123 MP: 19/19
 18726 | Lair:5   | Noticed an azure jelly
 18727 | Lair:5   | Found a staircase to the Slime Pits.
 18727 | Lair:5   | Noticed an azure jelly
 18749 | Lair:5   | Reached skill level 12 in Axes
 19000 | Lair:5   | Reached skill level 9 in Shields
 19032 | Lair:5   | Reached skill level 13 in Axes
 19210 | Lair:5   | Reached skill level 10 in Shields
 19730 | Lair:5   | Reached skill level 14 in Axes
 19738 | Lair:5   | Reached skill level 11 in Shields
 19758 | Lair:5   | Identified the +1 pair of boots of Maihui Geta {Will-
                  | Regen+ Str+5 Dex-2} (Okawaru gifted it to you on level 5 of
                  | the Lair of Beasts)
 19758 | Lair:5   | Received a gift from Okawaru
 20260 | Lair:5   | Found a runed translucent door.
 20531 | Lair:5   | Reached skill level 12 in Shields
 20637 | Lair:5   | Reached skill level 15 in Axes
 20637 | Lair:5   | Acquired 1101 gold pieces
 20643 | Lair:5   | Acquired an amulet of reflection
 20897 | Orc:1    | Entered Level 1 of the Orcish Mines
 20910 | Orc:1    | Noticed an orc warlord
 20940 | Orc:1    | Killed an orc warlord
 21038 | Orc:1    | Found a dark tunnel.
 21095 | Volcano  | Entered a volcano
 21260 | Volcano  | Reached XP level 15. HP: 128/129 MP: 20/20
 21464 | Volcano  | Reached skill level 13 in Shields
 21498 | Volcano  | You pick up a book of Cantrips and begin reading...
 21498 | Volcano  | You add the spells Necrotise and Apportation to your
                  | library.
 21614 | Orc:2    | Entered Level 2 of the Orcish Mines
 21616 | Orc:2    | Found a bloodstained altar of Trog.
 21670 | Orc:1    | Received a gift from Okawaru
 21790 | Orc:2    | Reached skill level 16 in Axes
 22044 | Orc:2    | Noticed an orc warlord
 22068 | Orc:2    | Killed an orc warlord
 22068 | Orc:2    | Received a gift from Okawaru
 22309 | Orc:2    | Reached skill level 14 in Shields
 22358 | Orc:2    | Found Ineetol's General Store.
 22374 | Orc:2    | Found Isuel's Jewellery Shoppe.
 22492 | Orc:2    | Found Ycluud Diec's Antique Weapon Shoppe.
 22508 | Orc:2    | Found Suhual Oxko's Antique Armour Shoppe.
 22533 | Orc:2    | Found a staircase to the Elven Halls.
 22860 | Orc:1    | Found Xyajueg's Weapon Emporium.
 22933 | Orc:1    | Found a runed translucent door.
 22943 | Orc:1    | Found the +10 tower shield of Ignorance {rN+ Int-4}
 22984 | Orc:1    | Found a runed translucent door.
 23253 | Orc:1    | Lost intelligence.
 23256 | Orc:1    | You fall into a shaft and drop 1 floor!
 23538 | D:12     | Noticed Frances
 23661 | D:11     | Killed Frances
 23850 | D:12     | Found Juku's General Store.
 23859 | D:12     | Noticed Urug
 23874 | D:12     | Killed Urug
 23879 | D:12     | Bought a potion of curing for 48 gold pieces
 23951 | D:12     | Found Gelufit's Magic Scroll Emporium.
 24010 | D:12     | Received a gift from Okawaru
 24022 | D:12     | Noticed Snorg
 24029 | D:12     | Killed Snorg
 24075 | D:12     | Found Eloergheawe's Antique Weapon Boutique.
 24147 | D:12     | Found Surefa's Magic Scroll Shoppe.
 24156 | D:12     | Bought a scroll of identify for 26 gold pieces
 24156 | D:12     | Bought a scroll of identify for 26 gold pieces
 24164 | D:12     | You pick up a book of Transfigurations and begin reading...
 24180 | D:12     | Found Ilusch Fotra's Antique Armour Boutique.
 24191 | D:12     | Bought a pair of glowing gloves for 240 gold pieces
 24191 | D:12     | Bought an embroidered cloak for 240 gold pieces
 24264 | D:13     | Reached skill level 15 in Shields
 24436 | D:13     | Identified the +0 ring mail of the Dolphin {Harm rElec
                  | rCorr Str+3}
 24450 | D:13     | You pick up a book of Spectacle and begin reading...
 24450 | D:13     | You add the spells Dazzling Flash and Iskenderun's Mystic
                  | Blast to your library.
 24453 | D:13     | You pick up a book of the Senses and begin reading...
 24453 | D:13     | You add the spells Agony and Silence to your library.
 24508 | D:13     | Reached skill level 17 in Axes
 24589 | D:13     | Identified the +2 animal skin of an ossuary {Dex+3}
                  | (Okawaru gifted it to you on level 13 of the Dungeon)
 24589 | D:13     | Received a gift from Okawaru
 24900 | D:14     | Noticed Nessos
 24900 | D:14     | Found a gate to the Vaults.
 25101 | D:14     | Killed Nessos
 25154 | D:14     | You pick up a book of Displacement and begin reading...
 25154 | D:14     | You add the spells Lesser Beckoning, Gell's Gravitas and
                  | Teleport Other to your library.
 25246 | D:14     | Found Ufuimmapp's Weapon Boutique.
 25271 | D:14     | Found Cahomes's General Store.
 25431 | D:14     | Reached XP level 16. HP: 136/136 MP: 21/21
 25661 | D:14     | Found Eceid's Book Shoppe.
 25713 | D:14     | Found a transporter.
 25731 | D:14     | Found Deeruagi's Antique Armour Shoppe.
 25873 | D:14     | Found a transporter.
 26149 | D:15     | Entered Level 15 of the Dungeon
 26181 | D:15     | Noticed Jorgrun
 26199 | D:15     | Killed Jorgrun
 26200 | D:15     | Reached skill level 18 in Axes
 26277 | D:15     | Found a staircase to the Depths.
 26372 | D:15     | Noticed Kirke
 26384 | D:15     | Killed Kirke
 26404 | D:15     | Identified the +2 chain mail of Orthodoxy {Dex+3}
 26466 | D:15     | Identified the +1 pair of boots "Suriv" {Harm Will+ rCorr
                  | Int-5}
 26847 | D:15     | You pick up a book of Changes and begin reading...
 26847 | D:15     | You add the spells Beastly Appendage, Wereblood and Spider
                  | Form to your library.
 27410 | Spider:1 | Entered Level 1 of the Spider Nest
 27493 | Spider:1 | Acquired the amulet of Vipluyv {rElec Will+ Regen+}
 27526 | Spider:1 | Reached skill level 19 in Axes
 27694 | Orc:2    | Bought a crystal plate armour for 3040 gold pieces
 27694 | Orc:2    | Identified a +0 crystal plate armour (You bought it in a
                  | shop on level 2 of the Orcish Mines)
 28004 | Spider:1 | Identified the +11 spear of the Crafting Gods {elec, Str+4}
 28116 | Spider:1 | Identified the +6 tower shield "Ebedad" {-Tele rC+++ Regen+
                  | Stlth+} (Okawaru gifted it to you on level 1 of the Spider
                  | Nest)
 28116 | Spider:1 | Received a gift from Okawaru
 28425 | Spider:1 | Reached ****** piety under Okawaru
 28613 | Spider:1 | Noticed an emperor scorpion
 28620 | Spider:1 | Killed an emperor scorpion
 28696 | Spider:1 | Noticed Agnes
 28708 | Spider:1 | Killed Agnes
 28737 | Spider:1 | You pick up a book of Winter and begin reading...
 28737 | Spider:1 | You add the spells Ozocubu's Armour and Metabolic
                  | Englaciation to your library.
 29265 | Spider:2 | Reached skill level 16 in Shields
 29328 | Spider:2 | Reached XP level 17. HP: 50/133 MP: 22/22
 29331 | Spider:2 | HP: 32/134 [poisoned by a wolf spider]
 29331 | Spider:2 | HP: 10/134 [jumping spider (11)]
 29332 | Spider:2 | HP: 4/130 [jorogumo/bolt of negative energy (18)]
 29334 | Arena    | Entered the Arena
 29337 | Arena    | HP: 12/130 [poisoned by a wolf spider]
 29342 | Arena    | HP: 19/131 [poisoned by a wolf spider]
 29430 | Spider:2 | Identified the +4 broad axe of Okawaru's Regard {freeze,
                  | Will+} (Okawaru gifted it to you on level 2 of the Spider
                  | Nest)
 29430 | Spider:2 | Received a gift from Okawaru
 29431 | Spider:2 | Reached skill level 20 in Axes
 29481 | Spider:2 | Reached skill level 17 in Shields
 29501 | Spider:2 | You pick up a book of Chaos and begin reading...
 29501 | Spider:2 | You add the spells Conjure Ball Lightning, Disjunction and
                  | Discord to your library.
 29511 | Spider:2 | Found a frozen archway.
 29529 | IceCv    | Entered an ice cave
 29627 | IceCv    | You pick up a book of the Spheres and begin reading...
 29627 | IceCv    | You add the spells Iskenderun's Battlesphere and Orb of
                  | Destruction to your library.
 29947 | IceCv    | Reached skill level 18 in Shields
 29964 | IceCv    | Received a gift from Okawaru
 30008 | IceCv    | Identified the ring of Limman {rElec rC+++ rN+ AC+4 Int+2}
 30012 | IceCv    | Identified the ring "Ithrurch" {rElec AC+4}
 30017 | IceCv    | Identified the ring "Ytevoadd" {rN+ Dex+4}
 30604 | Spider:3 | Noticed Arachne
 30612 | Spider:3 | Reached skill level 19 in Shields
 30627 | Spider:3 | Killed Arachne
 30765 | Spider:3 | Found a runed translucent door.
 30789 | Spider:3 | Noticed Daifof's ghost (adept MfFi)
 31081 | Spider:4 | Entered Level 4 of the Spider Nest
 31109 | Spider:4 | Reached skill level 20 in Shields
 31244 | Spider:4 | Reached skill level 8 in Invocations
 31247 | Spider:4 | Reached XP level 18. HP: 142/149 MP: 22/24
 31249 | Spider:4 | Received a gift from Okawaru
 31338 | Spider:4 | Reached skill level 9 in Invocations
 31360 | Spider:4 | HP: 32/149 [meliai/+0 hand axe (6)]
 31442 | Spider:4 | Reached skill level 16 in Armour
 31531 | Spider:4 | Reached skill level 10 in Invocations
 31542 | Spider:4 | Received a gift from Okawaru
 31786 | Spider:4 | Reached skill level 17 in Armour
 31978 | Spider:4 | Identified the +4 scale mail of the Gloaming {Harm *Slow
                  | Dex+6}
 32003 | Spider:4 | Reached skill level 18 in Armour
 32007 | Spider:4 | Identified the +0 hat "Qolaavei" {rC++ rN++ Str-4}
 32024 | Spider:4 | Got a gossamer rune of Zot
 32124 | Spider:4 | Identified the +6 battleaxe "Newtbane" {vamp, Fly Will++}
                  | (Okawaru gifted it to you on level 4 of the Spider Nest)
 32124 | Spider:4 | Received a gift from Okawaru
 32397 | Orc:1    | You are sucked into a shaft and drop 1 floor!
 32591 | Shoals:1 | Entered Level 1 of the Shoals
 32593 | Shoals:1 | Noticed Nikola
 32629 | Shoals:1 | Killed Nikola
 32886 | Shoals:1 | Reached XP level 19. HP: 155/155 MP: 26/26
 33436 | Shoals:2 | Noticed Louise
 33449 | Shoals:2 | Reached skill level 19 in Armour
 33451 | Shoals:2 | Killed Louise
 34375 | Shoals:3 | Noticed Mara
 34396 | Shoals:3 | Noticed ytrimaz's illusion
 34412 | Shoals:3 | Killed Mara
 34412 | Shoals:3 | Received a gift from Okawaru
 34500 | Shoals:3 | Noticed Mlioglotl
 34509 | Shoals:3 | Killed Mlioglotl
 34510 | Shoals:3 | Reached skill level 20 in Armour
 34617 | Shoals:3 | Identified the +0 ring mail of the Bursted God {rF- rN+
                  | Dex+5}
 35079 | Shoals:4 | Entered Level 4 of the Shoals
 35149 | Shoals:4 | Identified the +6 kite shield "Latagh" {Will+} (Okawaru
                  | gifted it to you on level 4 of the Shoals)
 35149 | Shoals:4 | Received a gift from Okawaru
 35563 | Shoals:4 | Identified the +11 rapier of Aheuklag {freeze, rCorr}
 35667 | Shoals:4 | Reached skill level 21 in Armour
 35700 | Shoals:4 | Got a barnacled rune of Zot
 35812 | Shoals:4 | Identified the +7 falchion "Fagraho" {elec, rPois Dex+8
                  | Stlth-}
 36053 | Shoals:4 | Identified the +3 chain mail of Moral Flaws {rN+ Stlth+}
                  | (Okawaru gifted it to you on level 4 of the Shoals)
 36053 | Shoals:4 | Received a gift from Okawaru
 36055 | Shoals:4 | Reached XP level 20. HP: 161/162 MP: 27/27
 36384 | Lair:5   | magus.rc [v1.9.6]
 36392 | Slime:1  | Entered Level 1 of the Pits of Slime
 36430 | Slime:1  | Reached skill level 22 in Armour
 36854 | Slime:2  | Gained mutation: You occasionally lose the ability to drink
                  | potions when taking damage. [a shining eye]
 36856 | Slime:2  | Gained mutation: Armour fits poorly on your strangely
                  | shaped body. [a shining eye]
 36861 | Slime:2  | Gained mutation: You are frail. (-10% HP) [a shining eye]
 37494 | Slime:3  | You are sucked into a shaft and drop 1 floor!
 37517 | Slime:3  | Reached skill level 23 in Armour
 38286 | Slime:5  | Entered Level 5 of the Pits of Slime
 38302 | Slime:5  | Gained mutation: You are vulnerable to heat. (rF-) [a
                  | shining eye]
 38304 | Slime:5  | Gained mutation: You do not regenerate when monsters are
                  | visible. [a shining eye]
 38310 | Slime:4  | Identified the scarf "Nyeleaxt" {harm, Regen+ Str-3 Int+3
                  | Dex+3} (Okawaru gifted it to you on level 4 of the Pits of
                  | Slime)
 38310 | Slime:4  | Received a gift from Okawaru
 38417 | Slime:4  | Lost mutation: You are vulnerable to heat. (rF-) [potion of
                  | mutation]
 38417 | Slime:4  | Lost mutation: You occasionally lose the ability to drink
                  | potions when taking damage. [potion of mutation]
 38417 | Slime:4  | Lost mutation: Armour fits poorly on your strangely shaped
                  | body. [potion of mutation]
 38417 | Slime:4  | Gained mutation: You possess an exceptional clarity of
                  | mind. [potion of mutation]
 38417 | Slime:4  | Gained mutation: You are very frail. (-20% HP) [potion of
                  | mutation]
 38418 | Slime:4  | Lost mutation: You are very frail. (-20% HP) [potion of
                  | mutation]
 38418 | Slime:4  | Lost mutation: You possess an exceptional clarity of mind.
                  | [potion of mutation]
 38418 | Slime:4  | Lost mutation: You are partially covered in iridescent
                  | scales. (AC +2) [potion of mutation]
 38419 | Slime:4  | Lost mutation: You do not regenerate when monsters are
                  | visible. [potion of mutation]
 38419 | Slime:4  | Lost mutation: You are frail. (-10% HP) [potion of
                  | mutation]
 38419 | Slime:4  | Gained mutation: You occasionally lose the ability to drink
                  | potions when taking damage. [potion of mutation]
 38419 | Slime:4  | Gained mutation: You are strong-willed. (Will+) [potion of
                  | mutation]
 38551 | Slime:5  | Noticed the Royal Jelly
 38560 | Arena    | Entered the Arena
 38568 | Arena    | Killed the Royal Jelly
 38569 | Arena    | Reached skill level 24 in Armour
 38657 | Slime:5  | Reached XP level 21. HP: 151/168 MP: 5/28
 38703 | Slime:5  | Found the amulet of the Four Winds {rN+ Will+++ Clar}
 38870 | Slime:5  | Identified the staff of air "Ixionix" {rElec Str+4}
 38888 | Slime:5  | Identified the +4 dagger of Courage {flame, +Blink Dex+3}
 38899 | Slime:5  | Identified the +1 shortbow of Pyromania {flame, Fragile
                  | Int+3 Dex+5}
 38929 | Slime:5  | You add the spells Borgnjor's Revivification, Necromutation
                  | and Death's Door to your library.
 38955 | Slime:5  | You pick up a book of Maledictions and begin reading...
 38955 | Slime:5  | You add the spells Anguish and Enfeeble to your library.
 38976 | Slime:5  | You add the spells Fulminant Prism and Shatter to your
                  | library.
 38976 | Slime:5  | Got Sif Muna's Annotations on Twinkling Earth
 39007 | Slime:5  | Identified the +10 great sword of Wrath {antimagic, rElec
                  | rN+}
 39038 | Slime:5  | Got a slimy rune of Zot
 39055 | Slime:5  | Identified the +6 glaive of Disorder {heavy, *Rage rElec
                  | Int+6 Stlth+}
 39129 | Slime:4  | Lost mutation: You occasionally lose the ability to drink
                  | potions when taking damage. [potion of mutation]
 39129 | Slime:4  | Lost mutation: You have razor-sharp toenails. [potion of
                  | mutation]
 39129 | Slime:4  | Gained mutation: You are resistant to electric shocks.
                  | (rElec) [potion of mutation]
 39129 | Slime:4  | Gained mutation: You occasionally lose the ability to read
                  | scrolls when taking damage. [potion of mutation]
 39130 | Slime:4  | Lost mutation: You have sharp toenails. [potion of
                  | mutation]
 39130 | Slime:4  | Lost mutation: You occasionally lose the ability to read
                  | scrolls when taking damage. [potion of mutation]
 39130 | Slime:4  | Gained mutation: You are clumsy. (Dex -2) [potion of
                  | mutation]
 39356 | Elf:1    | Entered Level 1 of the Elven Halls
 39491 | Elf:1    | Received a gift from Okawaru
 39496 | Elf:1    | Found an ancient bone altar of Kikubaaqudgha.
 39512 | Elf:1    | Identified the +9 quarterstaff of Termination {pain, rN+
                  | SInv}
 39552 | Elf:1    | Identified the +3 chain mail "Benug" {rF+}
 39694 | Elf:1    | Reached skill level 25 in Armour
 39709 | Elf:1    | You pick up a book of Misfortune and begin reading...
 39886 | Elf:1    | Noticed Aizul
 39914 | Elf:1    | Killed Aizul
 40116 | Elf:2    | Noticed Azrael
 40128 | Elf:2    | Killed Azrael
 40253 | Elf:2    | Received a gift from Okawaru
 40487 | Elf:2    | Found a runed translucent gate.
 40493 | Elf:2    | Found a runed translucent gate.
 40493 | Elf:2    | Found a runed translucent gate.
 40611 | Elf:2    | Reached skill level 26 in Armour
 41231 | Elf:3    | Entered Level 3 of the Elven Halls
 41454 | Elf:3    | Found Odiulima's Antique Armour Emporium.
 41475 | Elf:3    | Bought a faintly glowing orb for 322 gold pieces
 41475 | Elf:3    | Identified the orb "Atonum" {*Rage, Will- Int+4 Dex+3} (You
                  | bought it in a shop on level 3 of the Elven Halls)
 41479 | Elf:3    | Bought a glowing cloak for 172 gold pieces
 41624 | Elf:3    | You pick up a book of Necromancy and begin reading...
 41711 | Elf:3    | Identified the +0 whip of Dullness {flame, rPois rF- Str+5
                  | Dex-5}
 41747 | Elf:3    | Received a gift from Okawaru
 41753 | Elf:3    | Reached XP level 22. HP: 153/177 MP: 29/29
 41911 | Elf:3    | Reached skill level 16 in Fighting
 41965 | Elf:3    | Identified the +5 broad axe "Grim Tooth" {venom, rN+}
 41983 | Elf:3    | You pick up a book of the Hunter and begin reading...
 41983 | Elf:3    | You add the spells Portal Projectile and Leda's
                  | Liquefaction to your library.
 41996 | Elf:3    | Identified the +6 trident of Plog {flame, rElec Int-5
                  | Dex+5}
 42000 | Elf:3    | Identified the +5 trident "Heamer" {antimagic, Fly rN++
                  | Dex-2 Stlth+}
 42080 | Elf:3    | Identified the +5 dagger of Exquisite Death {freeze, Int+3
                  | Dex+3}
 42098 | Elf:3    | Identified the ring "Feqit" {rPois rCorr Str+2 Int+6
                  | Slay-5}
 42113 | Elf:3    | You pick up a book of Hexes and begin reading...
 42120 | Elf:3    | Identified the staff of cold "Alew" {+Blink rC+ Str+3
                  | Int+2}
 42541 | Vaults:1 | Entered Level 1 of the Vaults
 42662 | Vaults:1 | Found Ugihebei's Armour Shop.
 42829 | Vaults:1 | Reached skill level 27 in Armour
 42844 | Vaults:1 | Identified the +1 cloak of Zuqeen {+Inv} (Okawaru gifted it
                  | to you on level 1 of the Vaults)
 42844 | Vaults:1 | Received a gift from Okawaru
 43097 | Vaults:1 | Reached skill level 17 in Fighting
 43693 | Vaults:1 | Reached skill level 1 in Throwing
 43777 | Vaults:1 | Found Yskofang's General Store.
 43799 | Vaults:1 | Bought a +0 executioner's axe for 140 gold pieces
 43820 | Vaults:1 | Reached skill level 2 in Throwing
 44050 | Vaults:2 | Reached skill level 18 in Fighting
 44161 | Vaults:2 | Reached skill level 3 in Throwing
 44477 | Vaults:2 | Reached skill level 4 in Throwing
 44581 | Vaults:2 | Reached XP level 23. HP: 191/191 MP: 30/30
 44627 | Vaults:2 | Reached skill level 5 in Throwing
 44946 | Vaults:2 | Identified the scarf "Sawk" {rC+ rF+, -Tele Fly rElec
                  | Will+} (Okawaru gifted it to you on level 2 of the Vaults)
 44946 | Vaults:2 | Received a gift from Okawaru
 44948 | Vaults:2 | Reached skill level 6 in Throwing
 45127 | Vaults:3 | Reached skill level 19 in Fighting
 45152 | Vaults:3 | Reached skill level 7 in Throwing
 45364 | Vaults:3 | Reached skill level 8 in Throwing
 45872 | Vaults:3 | Reached skill level 9 in Throwing
 45885 | Vaults:3 | Received a gift from Okawaru
 45897 | Vaults:3 | Reached skill level 20 in Fighting
 46042 | Vaults:3 | Found a staircase to the Crypt.
 46042 | Vaults:3 | Found a basalt altar of Yredelemnul.
 46043 | Vaults:3 | Found an ancient bone altar of Kikubaaqudgha.
 46075 | Vaults:3 | Found Xesazoh's Distillery.
 46083 | Vaults:3 | Bought a potion of curing for 54 gold pieces
 46083 | Vaults:3 | Bought a potion of resistance for 180 gold pieces
 46083 | Vaults:3 | Bought a potion of invisibility for 144 gold pieces
 46083 | Vaults:3 | Bought 2 potions of curing for 108 gold pieces
 46083 | Vaults:3 | Bought a potion of curing for 54 gold pieces
 46551 | Vaults:4 | Received a gift from Okawaru
 46574 | Vaults:4 | Reached XP level 24. HP: 172/204 MP: 29/30
 46586 | Vaults:4 | Reached skill level 10 in Throwing
 46711 | Vaults:4 | Identified the +5 morningstar of Awkwardness {flame, rCorr
                  | Str+2}
 46797 | Vaults:4 | Received a gift from Okawaru
 46808 | Vaults:4 | Identified the +5 hand crossbow of Ywil {flame, *Corrode
                  | rElec rN+ Dex-5 SInv} (Okawaru gifted it to you on level 4
                  | of the Vaults)
 46808 | Vaults:4 | Received a gift from Okawaru
 46821 | Vaults:4 | Reached skill level 21 in Fighting
 47047 | Vaults:4 | Found Jionazos's Antique Armour Emporium.
 47073 | Vaults:4 | Identified the +0 ring mail of a wizard's laboratory {Int+3
                  | Dex-5}
 47162 | Vaults:4 | Found Kecrakk's Armour Shoppe.
 47484 | Vaults:5 | Entered Level 5 of the Vaults
 47518 | Vaults:5 | Reached skill level 22 in Fighting
 47521 | Vaults:5 | Received a gift from Okawaru
 47552 | Vaults:5 | Gained mutation: Your magical capacity is low. (-10% MP) [a
                  | shining eye]
 47615 | Vaults:5 | Noticed a golden dragon
 47622 | Vaults:5 | Reached skill level 23 in Fighting
 47622 | Vaults:5 | Noticed a golden dragon
 47633 | Vaults:5 | Killed a golden dragon
 47633 | Vaults:5 | Received a gift from Okawaru
 47642 | Vaults:5 | Killed a golden dragon
 47642 | Vaults:5 | Identified +0 gold dragon scales
 47694 | Vaults:5 | You pick up a book of Decay and begin reading...
 47695 | Vaults:5 | Found the +2 Maxwell's thermic engine {flame, freeze, rev}
 47743 | Vaults:5 | Noticed a golden dragon
 47762 | Vaults:5 | Killed a golden dragon
 47779 | Vaults:5 | Received a gift from Okawaru
 47848 | Vaults:5 | Identified the +8 falchion of Okawaru's Pride {protect,
                  | *Corrode rF+ rN+ Will+}
 47871 | Vaults:5 | Reached XP level 25. HP: 221/221 MP: 27/27
 47984 | Vaults:5 | Received a gift from Okawaru
 48070 | Vaults:5 | Identified the +0 pair of gloves of Cuhaimaw {Contam Str+5
                  | Int+2 SInv}
 48199 | Vaults:5 | Reached skill level 24 in Fighting
 48210 | Vaults:5 | Identified the +9 whip "Wicwah" {protect, rElec rN+ Will-
                  | rCorr}
 48210 | Vaults:5 | Identified the +0 plate armour of the Beginning {rElec
                  | Str+3 Stlth+}
 48358 | Vaults:5 | Identified +0 gold dragon scales
 48502 | Vaults:5 | Identified the +1 great sword "Raorekh" {speed, Fly Str+3}
 48503 | Vaults:5 | Identified the ring of Favveg {Fly rN+ Dex+4}
 48580 | Vaults:5 | Identified the ring "Yvaedghar" {rElec rF+ rN+ Dex+3}
 48606 | Vaults:5 | Got a silver rune of Zot
 49091 | Orc:2    | Bought a scroll of brand weapon for 123 gold pieces
 49232 | Depths:1 | Entered Level 1 of the Depths
 49375 | Depths:1 | Identified the +0 chain mail of the Orb {*Corrode rC+
                  | Slay+2}
 49485 | Depths:1 | Identified the +1 chain mail "Sohuet" {Stlth+}
 49527 | Depths:1 | Found a one-way gate leading to the halls of Pandemonium.
 49670 | Depths:1 | Found a sacrificial altar of Ru.
 49792 | Depths:1 | Found a gateway to Hell.
 49963 | Depths:1 | Reached skill level 25 in Fighting
 49967 | Depths:1 | Identified the +6 leather armour of Charity {Rampage rF+}
 50243 | Depths:2 | Noticed Sojobo
 50260 | Depths:2 | Killed Sojobo
 50280 | Depths:2 | Noticed a shard shrike
 50284 | Depths:2 | Identified the +8 broad axe of the Other Side {flame,
                  | Will+} (Okawaru gifted it to you on level 2 of the Depths)
 50284 | Depths:2 | Received a gift from Okawaru
 50285 | Depths:2 | Noticed a shard shrike
 50290 | Depths:2 | Killed a shard shrike
 50292 | Depths:2 | Killed a shard shrike
 50305 | Depths:2 | a frost giant comes into view. It is wielding the +8 frozen
                  | axe "Frostbite" {freeze, freezing cloud, *Noise Fly rC+}.
 50336 | Depths:2 | Reached skill level 26 in Fighting
 50351 | Depths:2 | HP: 52/230 [balrug/+0 vampiric demon whip (7)]
 50352 | Depths:2 | Received a gift from Okawaru
 50358 | Depths:2 | HP: 47/230 [reaper/+1 scythe of venom (5)]
 50360 | Depths:2 | Gained mutation: Armour fits poorly on your strangely
                  | shaped body. [a cacodemon]
 50475 | Depths:2 | Lost mutation: You are resistant to electric shocks.
                  | (rElec) [potion of mutation]
 50475 | Depths:2 | Lost mutation: You are clumsy. (Dex -2) [potion of
                  | mutation]
 50475 | Depths:2 | Lost mutation: You are strong-willed. (Will+) [potion of
                  | mutation]
 50475 | Depths:2 | Gained mutation: You expend magic power (3 MP) to
                  | strengthen your wands. [potion of mutation]
 50475 | Depths:2 | Gained mutation: Your muscles are strong. (Str +4, Int/Dex
                  | -1) [potion of mutation]
 50476 | Depths:2 | Lost mutation: Your magical capacity is low. (-10% MP)
                  | [potion of mutation]
 50476 | Depths:2 | Lost mutation: Armour fits poorly on your strangely shaped
                  | body. [potion of mutation]
 50476 | Depths:2 | Gained mutation: You possess an exceptional clarity of
                  | mind. [potion of mutation]
 50476 | Depths:2 | Gained mutation: You passively dampen the noise of your
                  | surroundings. [potion of mutation]
 50589 | Depths:2 | Found a one-way gateway to a ziggurat.
 50709 | Depths:2 | Reached XP level 26. HP: 240/240 MP: 30/30
 50952 | Depths:2 | HP: 52/240 [??? (26)]
 51117 | Depths:3 | Identified the +0 pair of boots of Faimm {*Slow rElec rN+}
                  | (Okawaru gifted it to you on level 3 of the Depths)
 51117 | Depths:3 | Received a gift from Okawaru
 51121 | Depths:3 | Gained mutation: You are frail. (-10% HP) [a neqoxec]
 51123 | Depths:3 | Gained mutation: You do not regenerate when monsters are
                  | visible. [a neqoxec]
 51328 | Depths:3 | Reached skill level 27 in Fighting
 51359 | Depths:3 | Found a corrupted altar of Lugonu.
 51360 | Depths:3 | Lost mutation: You expend magic power (3 MP) to strengthen
                  | your wands. [potion of mutation]
 51360 | Depths:3 | Lost mutation: You do not regenerate when monsters are
                  | visible. [potion of mutation]
 51360 | Depths:3 | Lost mutation: You possess an exceptional clarity of mind.
                  | [potion of mutation]
 51360 | Depths:3 | Gained mutation: You passively map a small area around you.
                  | [potion of mutation]
 51360 | Depths:3 | Gained mutation: You occasionally lose the ability to drink
                  | potions when taking damage. [potion of mutation]
 51360 | Depths:3 | Gained mutation: You expend magic power (3 MP) to
                  | strengthen your wands. [potion of mutation]
 51360 | Depths:3 | Noticed a caustic shrike
 51360 | Depths:3 | Noticed a caustic shrike
 51389 | Depths:3 | Killed a caustic shrike
 51456 | Depths:3 | Killed a caustic shrike
 51551 | Depths:3 | Identified the staff of poison "Weitaas" {Fragile rElec
                  | rPois Int+5 Stlth+}
 51610 | Depths:3 | Reached skill level 21 in Shields
 51630 | Depths:3 | Found Waxzyemi's Book Shop.
 51750 | Depths:3 | Noticed Saint Roka
 51773 | Depths:3 | Killed Saint Roka
 52068 | Depths:4 | Entered Level 4 of the Depths
 52170 | Depths:4 | Reached skill level 22 in Shields
 52226 | Depths:4 | Found a runed translucent door.
 52243 | Depths:4 | Found a gate to the Realm of Zot.
 52247 | Depths:4 | Received a gift from Okawaru
 52247 | Depths:4 | Identified +0 gold dragon scales
 52273 | Depths:4 | Identified the +1 plate armour "Soso" {-Cast rF++ rN+}
                  | (Okawaru gifted it to you on level 4 of the Depths)
 52273 | Depths:4 | Received a gift from Okawaru
 52407 | Depths:4 | Noticed Likado's ghost (veteran DESu)
 52425 | Depths:4 | Reached skill level 23 in Shields
 52491 | Depths:4 | Found a shimmering altar of Xom.
 52492 | Depths:4 | Found a shimmering altar of Xom.
 52492 | Depths:4 | Found a shimmering altar of Xom.
 52504 | Depths:4 | Found a shimmering altar of Xom.
 52504 | Depths:4 | Found a shimmering altar of Xom.
 52504 | Depths:4 | Found a shimmering altar of Xom.
 52504 | Depths:4 | Found a shimmering altar of Xom.
 53011 | Hell     | Entered the Vestibule of Hell
 53011 | Hell     | Noticed Geryon
 53043 | Hell     | Killed Geryon
 53258 | D:11     | This trove needs the horn of Geryon to function. Give it
                  | the item?
 53258 | D:11     | This trove needs the horn of Geryon to function. Give it
                  | the item?
 53258 | D:11     | You paid a toll of the horn of Geryon to enter a treasure
                  | trove
 53259 | Trove    | Entered a treasure trove
 53281 | Trove    | You add the spells Ensorcelled Hibernation, Stone Arrow,
                  | Petrify and Lee's Rapid Deconstruction to your library.
 53281 | Trove    | Got Pimisow's Cyclopedia of Hypothermia and Clay
 53287 | Trove    | You add the spells Magic Dart, Momentum Strike and Flame
                  | Wave to your library.
 53287 | Trove    | Got Sif Muna's Compendium of Injury
 53533 | Zig:1    | Entered Level 1 of a ziggurat
 53550 | Zig:2    | Entered Level 2 of a ziggurat
 53575 | Zig:3    | Entered Level 3 of a ziggurat
 53587 | Zig:3    | Reached skill level 24 in Shields
 53596 | Zig:3    | Identified a +2 robe of the Archmagi
 53603 | Zig:4    | Entered Level 4 of a ziggurat
 53623 | Zig:4    | You pick up a book of Ice and begin reading...
 53623 | Zig:4    | You add the spells Freezing Cloud and Polar Vortex to your
                  | library.
 53630 | Zig:5    | Entered Level 5 of a ziggurat
 53641 | Zig:5    | Noticed a Killer Klown
 53644 | Zig:5    | Reached XP level 27. HP: 224/224 MP: 26/30
 53666 | Zig:5    | Identified the ring "Yttune" {Fly rPois rN+++ Int+4 Dex-2}
 53670 | Zig:6    | Entered Level 6 of a ziggurat
 53706 | Zig:6    | Identified the staff of fire "Ejucseawk" {Fragile +Blink
                  | rF+ Dex+8 SInv}
 53708 | Zig:7    | Entered Level 7 of a ziggurat
 53730 | Zig:7    | You pick up a book of the Sky and begin reading...
 53730 | Zig:7    | You add the spells Storm Form and Maxwell's Capacitive
                  | Coupling to your library.
 53746 | Zig:7    | You add the spells Kindle Blastsparks and Arcjolt to your
                  | library.
 53746 | Zig:7    | Got Sif Muna's Compilation of the Damned and the Brume
 53775 | Zig:8    | Entered Level 8 of a ziggurat
 53888 | Zig:9    | Entered Level 9 of a ziggurat
 53893 | Zig:9    | Noticed an ancient lich
 53893 | Zig:9    | Noticed an ancient lich
 53895 | Zig:9    | Found the +3 hat of Pondering {ponderous, Will+ MP+10
                  | Int+5}
 53901 | Zig:9    | Reached skill level 25 in Shields
 53906 | Zig:9    | Killed an ancient lich
 53907 | Zig:9    | Killed an ancient lich
 53907 | Zig:9    | Received a gift from Okawaru
 53926 | Zig:9    | Identified the ring "Limuuh" {rF+ rC+ Slay+2}
 53928 | Zig:9    | Identified the +0 barding of the Original Sin {rCorr}
 53941 | Zig:9    | Identified the +8 falchion of the Realm of Zot {spect, rC+
                  | Will+}
 53955 | Zig:10   | Entered Level 10 of a ziggurat
 53978 | Zig:10   | Gained mutation: You are clumsy. (Dex -2) [a shining eye]
 54002 | Zig:10   | Identified the +4 war axe of the Beast {freeze, rN++}
 54008 | Zig:10   | Identified the +6 battleaxe of Susunlur {heavy, rPois Int-3
                  | SInv}
 54054 | Zig:11   | Entered Level 11 of a ziggurat
 54060 | Zig:11   | Noticed a juggernaut
 54069 | Zig:11   | Noticed a juggernaut
 54074 | Zig:11   | Reached skill level 26 in Shields
 54077 | Zig:11   | Killed a juggernaut
 54078 | Zig:11   | Found the +4 skin of Zhor {*Englaciate rC+++ SInv}
 54086 | Zig:11   | Killed a juggernaut
 54087 | Zig:11   | Found the +5 robe of Misfortune {Harm *Corrode *Slow EV+5}
 54089 | Zig:11   | Identified a potion of experience
 54137 | Zig:11   | Got the Monograph on the Scorched Crypt
 54144 | Zig:11   | Reached skill level 27 in Shields
 54163 | Zig:12   | Entered Level 12 of a ziggurat
 54172 | Zig:12   | Gained mutation: You are dopey. (Int -2) [a shining eye]
 54173 | Zig:12   | Gained mutation: You are very dopey. (Int -4) [a shining
                  | eye]
 54175 | Zig:12   | Gained mutation: Your body sometimes deteriorates upon
                  | taking damage. [a shining eye]
 54176 | Zig:12   | Reached skill level 1 in Dodging
 54184 | Zig:12   | Reached skill level 2 in Dodging
 54194 | Zig:12   | Reached skill level 3 in Dodging
 54198 | Zig:12   | Gained mutation: You do not regenerate when monsters are
                  | visible. [a shining eye]
 54199 | Zig:12   | Lost mutation: Your muscles are strong. (Str +4, Int/Dex
                  | -1) [a shining eye]
 54201 | Zig:12   | Reached skill level 4 in Dodging
 54211 | Zig:12   | Identified the +1 pair of boots "Weijaze" {+Inv Str-3
                  | Int+3}
 54239 | Zig:12   | Lost mutation: Your body sometimes deteriorates upon taking
                  | damage. [potion of mutation]
 54239 | Zig:12   | Lost mutation: You expend magic power (3 MP) to strengthen
                  | your wands. [potion of mutation]
 54239 | Zig:12   | Gained mutation: Your magical capacity is low. (-10% MP)
                  | [potion of mutation]
 54240 | Zig:12   | Lost mutation: Your magical capacity is low. (-10% MP)
                  | [potion of mutation]
 54240 | Zig:12   | Lost mutation: You passively map a small area around you.
                  | [potion of mutation]
 54240 | Zig:12   | Lost mutation: You do not regenerate when monsters are
                  | visible. [potion of mutation]
 54240 | Zig:12   | Gained mutation: Your flesh is cold resistant. (rC+)
                  | [potion of mutation]
 54240 | Zig:12   | Gained mutation: Armour fits poorly on your strangely
                  | shaped body. [potion of mutation]
 54240 | Zig:12   | Lost mutation: You are very dopey. (Int -4) [potion of
                  | mutation]
 54241 | Zig:12   | Lost mutation: You occasionally lose the ability to drink
                  | potions when taking damage. [potion of mutation]
 54241 | Zig:12   | Lost mutation: You passively dampen the noise of your
                  | surroundings. [potion of mutation]
 54241 | Zig:12   | Gained mutation: You have large cloven feet. [potion of
                  | mutation]
 54241 | Zig:12   | Gained mutation: You have hidden genetic potential. [potion
                  | of mutation]
 54241 | Zig:12   | Gained mutation: You possess an exceptional clarity of
                  | mind. [potion of mutation]
 54242 | Zig:12   | Lost mutation: You are dopey. (Int -2) [potion of mutation]
 54242 | Zig:12   | Lost mutation: You have large cloven feet. [potion of
                  | mutation]
 54242 | Zig:12   | Lost mutation: You possess an exceptional clarity of mind.
                  | [potion of mutation]
 54242 | Zig:12   | Lost mutation: You are clumsy. (Dex -2) [potion of
                  | mutation]
 54242 | Zig:12   | Gained mutation: You have large cloven feet. [potion of
                  | mutation]
 54242 | Zig:12   | Gained mutation: You have great hidden genetic potential.
                  | [potion of mutation]
 54242 | Zig:12   | Gained mutation: Your mind is acute. (Int +4, Str/Dex -1)
                  | [potion of mutation]
 54249 | Zig:13   | Entered Level 13 of a ziggurat
 54264 | Zig:13   | Received a gift from Okawaru
 54276 | Zig:13   | Reached skill level 5 in Dodging
 54315 | Zig:13   | Identified the +6 quarterstaff of the Butterfly {flame,
                  | Drain +Blink Int+4 SInv}
 54317 | Zig:13   | You add the spells Sandblast, Borgnjor's Vile Clutch and
                  | Lehudib's Crystal Spear to your library.
 54317 | Zig:13   | Got the Book of the Gargoyle
 54322 | Zig:13   | You add the spells Scorch, Sticky Flame and Ignition to
                  | your library.
 54322 | Zig:13   | Got Ivaimp's Tome of the Tropics
 54327 | Zig:13   | You pick up a book of Blood and begin reading...
 54330 | Zig:14   | Entered Level 14 of a ziggurat
 54381 | Zig:14   | Reached skill level 6 in Dodging
 54381 | Zig:14   | Received a gift from Okawaru
 54387 | Zig:14   | Reached skill level 21 in Axes
 54393 | Zig:14   | HP: 20/224 [disintegration (66)]
 54400 | Zig:14   | Reached skill level 7 in Dodging
 54494 | Zig:14   | Reached skill level 8 in Dodging
 54502 | Zig:14   | Got the Codex of Translocation and the Assassin
 54507 | Zig:14   | Identified the ring of Copsid {Wiz Fly Will+ Dex+3}
 54512 | Zig:14   | Identified the staff of air "Jafar" {rElec Str-3 Dex+2
                  | Stlth+}
 54534 | Zig:15   | Entered Level 15 of a ziggurat
 54550 | Zig:15   | Found the +3 Mad Mage's Maulers {Infuse+∞ VampMP -Cast}
 54558 | Zig:15   | Received a gift from Okawaru
 54559 | Zig:15   | Reached skill level 9 in Dodging
 54565 | Zig:15   | HP: 54/224 [nagaraja/bolt of poison (9)]
 54567 | Zig:15   | Reached skill level 22 in Axes
 54567 | Zig:15   | HP: 5/224 [alligator snapping turtle (26)]
 54569 | Zig:15   | HP: 1/224 [swamp dragon (5)]
 54569 | Zig:15   | Slain by a nagaraja

Vanquished Creatures
  the Royal Jelly (Arena)
  2 ancient liches (Zig:9)
  Mara (Shoals:3)
  2 juggernauts (Zig:11)
  Sojobo (Depths:2)
  2 shard shrikes (Depths:2)
  Geryon (Hell)
  2 caustic shrikes (Depths:3)
  Saint Roka (Depths:3)
  5 golden dragons
  Nikola (Shoals:1)
  Arachne (Spider:3)
  A tentacled monstrosity (Vaults:5)
  Jorgrun (D:15)
  Mlioglotl (Shoals:3)
  An Ice Fiend (Zig:5)
  3 liches
  A walking frostbound tome (Depths:4)
  2 deep elf master archers (Elf:3)
  A deep elf blademaster (Elf:3)
  A quicksilver dragon (Zig:8)
  4 titans (Vaults:5)
  8 sphinxes
  26 acid blobs
  Kirke (D:15)
  Frances (D:11)
  3 storm dragons
  Agnes (Spider:1)
  12 tengu reavers
  2 shadow dragons
  2 draconian monks
  18 azure jellies
  12 rockslimes
  4 draconian knights
  Louise (Shoals:2)
  2 iron dragons (Depths:4)
  3 fire giants
  11 vault wardens
  12 frost giants
  10 deep elf sorcerers
  Aizul (Elf:1)
  7 ghost moths
  A balrug (Depths:2)
  A draconian stormcaller (Zig:13)
  7 emperor scorpions
  6 orc warlords
  A reaper (Depths:2)
  5 deep elf elementalists (Elf:3)
  2 cacodemons (Depths:2)
  3 draconian shifters (Zig:13)
  26 ironbound preservers
  18 very ugly things
  3 broodmothers
  A draconian annihilator (Zig:13)
  3 war gargoyles
  A spriggan defender (Depths:2)
  15 quicksilver oozes
  An eleionoma (shapeshifter) (Vaults:5)
  3 ironbound thunderhulks
  18 stone giants
  5 black draconians
  A red draconian (Depths:4)
  A vampire knight (Depths:3)
  2 caustic shrike skeletons
  Azrael (Elf:2)
  Nessos (D:14)
  4 deep elf demonologists
  2 purple draconians
  4 yellow draconians
  2 lorocyprocas
  3 deep elf annihilators (Elf:3)
  3 spark wasps
  7 white draconians
  Snorg (D:12)
  2 crystal guardians
  7 deep elf death magi
  5 ettins
  2 green deaths
  7 dire elephants
  7 merfolk javelineers
  A fire dragon (shapeshifter) (Vaults:5)
  12 great orbs of eyes
  22 yaktaur captains
  4 fire dragons
  7 merfolk impalers
  2 deep elf high priests (Elf:3)
  4 entropy weavers
  An ettin (shapeshifter) (Depths:4)
  Harold (Lair:2)
  36 vault guards
  4 hydras
  2 peacekeepers
  17 ice dragons
  11 ironbound frosthearts
  14 centaur warriors
  3 jorogumos
  A salamander tyrant (Zig:8)
  4 radroaches
  An ogre mage (Zig:11)
  A boulder beetle (shapeshifter) (Depths:3)
  3 merfolk aquamancers
  5 merfolk avatars
  11 boulder beetles
  3 spriggan air magi
  4 two-headed ogres
  4 alligator snapping turtles
  34 dancing weapons
  2 catoblepae (Shoals:2)
  10 deep troll shamans
  2 naga warriors (Zig:8)
  A vampire mage (D:15)
  4 tengu warriors
  9 death scarabs (Spider:4)
  A shock serpent (shapeshifter) (Zig:9)
  5 deep troll earth magi
  5 spriggan berserkers
  15 hell knights
  Urug (D:12)
  2 spectral emperor scorpions (Spider:4)
  9 orc high priests
  2 shock serpents (Zig:8)
  Nergalle (Lair:1)
  3 naga sharpshooters (Zig:8)
  5 soul eaters
  4 sun demons
  13 deep elf knights
  A titan skeleton (Hell)
  12 sea snakes
  A salamander mystic (Depths:4)
  12 pharaoh ants
  2 sixfirhies (Depths:2)
  2 skeletal warriors (D:15)
  3 skysharks
  A sun moth (Spider:4)
  2 iron trolls
  61 deep trolls
  A goliath frog (Zig:15)
  A spark wasp zombie (Depths:2)
  13 orb spiders
  A flayed ghost (Depths:1)
  A naga ritualist (Zig:8)
  A shadow demon (Zig:5)
  An obsidian statue (Depths:2)
  2 glowing orange brains
  21 harpies
  2 swamp dragons (Zig:15)
  12 lindwurms
  3 spectral wolf spiders (Spider:4)
  11 deep elf archers
  15 orc knights
  11 necromancers
  4 phantasmal warriors
  An orange crystal statue (IceCv)
  A harpy (shapeshifter) (D:15)
  3 steelbarb worms
  21 deep elf zephyrmancers
  18 ironbound convokers
  5 wizards
  2 mana vipers (Zig:15)
  2 salamanders (Depths:4)
  38 deep elf pyromancers
  A wolf spider (shapeshifter) (Vaults:5)
  A mana viper (shapeshifter) (Vaults:5)
  34 ugly things
  34 wolf spiders
  10 cyclopes
  A sphinx skeleton (Depths:2)
  A shining eye (shapeshifter) (Zig:9)
  8 shining eyes
  9 moths of wrath
  10 manticores
  A tengu skeleton (Depths:2)
  8 black mambas
  18 vault sentinels
  A fire giant zombie (Depths:2)
  7 orc sorcerers
  A faun (Shoals:2)
  8 merfolk sirens
  6 rust devils
  A naga mage (Zig:8)
  A black mamba (shapeshifter) (D:13)
  10 eyes of devastation
  2 apocalypse crabs (Zig:5)
  A guardian serpent (Zig:8)
  6 cane toads
  13 elephants
  A gargoyle (D:10)
  11 torpor snails
  11 demonic crawlers
  5 water nymphs
  An orange demon (Depths:1)
  4 smoke demons
  2 spriggan zombies (D:15)
  4 rime drakes
  2 kobold demonologists (D:14)
  2 unseen horrors (shapeshifter)
  3 freezing wraiths (Vaults:5)
  3 storm dragon simulacra (IceCv)
  Maggie (D:6)
  A redback zombie (Spider:4)
  4 spectral redbacks (Spider:4)
  3 tormentors
  7 komodo dragons
  2 ice devils (Depths:3)
  3 red devils
  A spark wasp simulacrum (Depths:2)
  An efreet (D:15)
  A harpy zombie (Hell)
  34 yaktaurs
  4 golden dragon simulacra (IceCv)
  3 spriggan skeletons
  A human zombie (Vaults:1)
  2 tengu conjurers
  10 meliai
  A meliai (shapeshifter) (Vaults:5)
  13 trolls
  4 tyrant leeches (Lair:5)
  20 merfolk
  4 polar bears
  14 hornets
  A merfolk (shapeshifter) (Vaults:4)
  5 wind drakes
  Prince Ribbit (D:7)
  A polar bear (shapeshifter) (Zig:9)
  18 blink frogs
  A hornet (shapeshifter) (Vaults:5)
  3 jumping spider zombies (Spider:4)
  2 spectral jumping spiders (Spider:4)
  34 tarantellas
  4 spectral tarantellas (Spider:4)
  8 snapping turtles
  11 dream sheep
  A dream sheep (shapeshifter) (Vaults:5)
  40 jumping spiders
  A snapping turtle (shapeshifter) (Vaults:2)
  A stone giant simulacrum (Vaults:1)
  23 culicivoras
  4 air elementals
  108 slime creatures
  A centaur simulacrum (D:15)
  11 water elementals
  A spriggan (shapeshifter) (Vaults:5)
  A shadow (D:9)
  3 wyverns
  6 spriggans
  4 ynoxinuls
  15 humans
  6 fire elementals
  3 fire bats (Orc:1)
  3 golden eyes (Slime:2)
  4 hogs (D:15)
  A wraith (D:9)
  42 yaks
  3 steam dragons
  3 chaos spawn
  Grum (D:8)
  8 vampire mosquitoes
  A neqoxec (Depths:3)
  51 redbacks
  2 basilisks
  7 wargs
  A harpy simulacrum (Hell)
  A tengu zombie (D:15)
  2 nagas (Zig:8)
  2 glowing shapeshifter skeletons
  2 acid dragons
  10 hell hounds
  17 water moccasins
  A floating eye (Zig:12)
  2 ice beasts
  An ogre skeleton (Vaults:5)
  A sky beast (shapeshifter) (Elf:1)
  66 orc warriors
  2 black bears
  A sky beast (D:7)
  A tengu (Lair:2)
  10 ice dragon simulacra (IceCv)
  17 ogres
  10 centaurs
  13 wolves
  A phantom (D:6)
  4 kobold brigands
  7 bullfrogs
  A human skeleton (Vaults:1)
  4 earth elementals
  A glowing shapeshifter simulacrum (Vaults:5)
  11 scorpions
  13 killer bees
  4 lindwurm simulacra (IceCv)
  4 electric eels
  3 howler monkeys
  A lava snake (Lair:4)
  3 jellies
  A gnoll bouda (D:5)
  27 orc priests
  7 hounds
  Jessica (D:2)
  6 iguanas
  25 orc wizards
  3 sleepcaps
  12 adders
  6 gnolls
  3 white imps
  4 ufetubi
  3 worms
  4 dart slugs
  82 orcs
  7 endoplasms
  8 giant cockroaches
  7 goblins
  7 hobgoblins
  7 jackals
  35 kobolds
  3 quokkas
  9 ball pythons
  7 bats
  3 frilled lizards
  5 rats
2268 creatures vanquished.

Vanquished Creatures (others)
  A golden dragon (Vaults:5)
  A bone dragon (Depths:4)
  A deep elf blademaster (Elf:3)
  A sphinx (Vaults:2)
  A storm dragon (Vaults:5)
  A tengu reaver (Depths:2)
  A fire giant (Vaults:5)
  2 vault wardens (Vaults:5)
  2 ghost moths
  2 deep elf elementalists (Elf:3)
  2 draconian stormcallers
  An orc warlord (Zig:7)
  2 quicksilver oozes
  2 stone giants
  A green draconian (Zig:13)
  A very ugly thing (Depths:3)
  A deep elf annihilator (Elf:3)
  A spark wasp (Depths:3)
  A merfolk impaler (Zig:15)
  A fire dragon (Depths:3)
  An ettin (Depths:4)
  A merfolk javelineer (Shoals:4)
  A green death (Depths:2)
  A deep elf high priest (Elf:3)
  A rakshasa (Depths:2)
  A hydra (Zig:15)
  An ogre mage (D:14)
  An ironbound frostheart (Vaults:1)
  A deep troll earth mage (Depths:3)
  An orc high priest (Elf:3)
  2 deep elf knights
  A hell knight (Vaults:5)
  A pharaoh ant (Zig:14)
  A sixfirhy (Depths:2)
  2 deep trolls (Vaults:4)
  2 orb spiders (Zig:14)
  A deep elf archer (Elf:2)
  A necromancer (Depths:3)
  A phantasmal warrior (Vaults:2)
  A deep elf pyromancer (Elf:2)
  A deep elf zephyrmancer (Elf:2)
  A wolf spider (Spider:4)
  A human zombie (Vaults:5)
  A merfolk siren (Shoals:1)
  A vault sentinel (Vaults:1)
  A black mamba (Zig:15)
  A tarantella (Spider:4)
  A jumping spider (Zig:14)
  A slime creature (Slime:4)
  A yak (Lair:2)
  A fire elemental (Elf:2)
  A human (D:14)
  2 orc warriors
  3 orcs
  32 fungi
  43 plants
  3 withered plants
144 creatures vanquished.

Grand Total: 2412 creatures vanquished

Table legend:
 A = Non-vault XP
 B = Vault XP
 C = Vault XP percentage of total XP
 D = Non-vault monster count
 E = Vault monster count
 F = Vault count percentage of total count
                 A         B        C        D         E       F
            +---------+---------+-------+---------+---------+-------
      Total |  681253 |  503005 |  42.5 |    1500 |     795 |  34.6
            +---------+---------+-------+---------+---------+-------
        D:1 |      44 |       6 |  12.0 |      25 |       5 |  16.7
        D:2 |      55 |      37 |  40.2 |      13 |       1 |   7.1
        D:3 |     111 |       0 |   0.0 |      27 |       0 |   0.0
        D:4 |     339 |       0 |   0.0 |      15 |       0 |   0.0
        D:5 |     807 |     825 |  50.6 |      21 |      15 |  41.7
        D:6 |    1074 |     370 |  25.6 |      25 |       1 |   3.8
        D:7 |    1198 |     283 |  19.1 |      22 |       1 |   4.3
        D:8 |    1946 |     647 |  25.0 |      27 |       5 |  15.6
        D:9 |    2327 |       0 |   0.0 |      14 |       0 |   0.0
       D:10 |    2447 |       0 |   0.0 |      19 |       0 |   0.0
       D:11 |    3270 |    2270 |  41.0 |      15 |       2 |  11.8
       D:12 |    4264 |    1729 |  28.9 |      18 |       2 |  10.0
       D:13 |    6850 |    3373 |  33.0 |      19 |      15 |  44.1
       D:14 |    4165 |    1888 |  31.2 |      11 |       5 |  31.2
       D:15 |    8241 |    7734 |  48.4 |      19 |      14 |  42.4
     Lair:1 |    2490 |     777 |  23.8 |      15 |       1 |   6.2
     Lair:2 |    6069 |    1468 |  19.5 |      27 |       3 |  10.0
     Lair:3 |    4076 |     256 |   5.9 |      13 |       8 |  38.1
     Lair:4 |    8063 |       0 |   0.0 |      25 |       0 |   0.0
     Lair:5 |   15000 |   11956 |  44.4 |      51 |      31 |  37.8
   Shoals:1 |   11471 |    2244 |  16.4 |      25 |       1 |   3.8
   Shoals:2 |    7882 |    4786 |  37.8 |      16 |       6 |  27.3
   Shoals:3 |   11099 |    6281 |  36.1 |      23 |       2 |   8.0
   Shoals:4 |   11552 |   22584 |  66.2 |      21 |      38 |  64.4
   Spider:1 |   14025 |    5804 |  29.3 |      37 |      11 |  22.9
   Spider:2 |   20258 |     277 |   1.3 |      56 |       1 |   1.8
   Spider:3 |   10116 |    2206 |  17.9 |      27 |       1 |   3.6
   Spider:4 |   26851 |   40626 |  60.2 |      57 |      87 |  60.4
    Slime:1 |    9432 |       0 |   0.0 |      24 |       0 |   0.0
    Slime:2 |   13259 |       0 |   0.0 |      36 |       0 |   0.0
    Slime:3 |   10418 |       0 |   0.0 |      27 |       0 |   0.0
    Slime:4 |   15123 |    1597 |   9.6 |      18 |       1 |   5.3
    Slime:5 |    7416 |   18218 |  71.1 |       8 |      16 |  66.7
      Orc:1 |    5020 |    1563 |  23.7 |      42 |       9 |  17.6
      Orc:2 |    1148 |    6442 |  84.9 |      21 |      30 |  58.8
      Elf:1 |    8627 |   15161 |  63.7 |      18 |      23 |  56.1
      Elf:2 |   15563 |   25592 |  62.2 |      33 |      39 |  54.2
      Elf:3 |   15236 |   27578 |  64.4 |      29 |      30 |  50.8
   Vaults:1 |   23747 |   21848 |  47.9 |      32 |      31 |  49.2
   Vaults:2 |   20653 |   20927 |  50.3 |      31 |      28 |  47.5
   Vaults:3 |   34891 |   31361 |  47.3 |      53 |      43 |  44.8
   Vaults:4 |   25649 |   25424 |  49.8 |      37 |      49 |  57.0
   Vaults:5 |   24234 |   84748 |  77.8 |      42 |      81 |  65.9
   Depths:1 |   24169 |    1768 |   6.8 |      34 |       5 |  12.8
   Depths:2 |   38993 |   31048 |  44.3 |      53 |      34 |  39.1
   Depths:3 |   28521 |   20667 |  42.0 |      32 |      30 |  48.4
   Depths:4 |   26008 |   20072 |  43.6 |      30 |      20 |  40.0
       Hell |   10071 |    2861 |  22.1 |      14 |       1 |   6.7
      Zig:1 |     910 |       0 |   0.0 |       2 |       0 |   0.0
      Zig:2 |    1842 |       0 |   0.0 |       3 |       0 |   0.0
      Zig:3 |    3690 |       0 |   0.0 |       3 |       0 |   0.0
      Zig:4 |    3575 |       0 |   0.0 |       7 |       0 |   0.0
      Zig:5 |    4713 |       0 |   0.0 |       7 |       0 |   0.0
      Zig:6 |    5304 |       0 |   0.0 |       7 |       0 |   0.0
      Zig:7 |    5502 |       0 |   0.0 |      14 |       0 |   0.0
      Zig:8 |    9365 |       0 |   0.0 |      15 |       0 |   0.0
      Zig:9 |   15856 |       0 |   0.0 |      11 |       0 |   0.0
     Zig:10 |   12480 |       0 |   0.0 |      13 |       0 |   0.0
     Zig:11 |   16760 |       0 |   0.0 |      32 |       0 |   0.0
     Zig:12 |   13445 |       0 |   0.0 |      20 |       0 |   0.0
     Zig:13 |   15840 |       0 |   0.0 |      19 |       0 |   0.0
     Zig:14 |   15213 |       0 |   0.0 |      29 |       0 |   0.0
     Zig:15 |   11948 |       0 |   0.0 |      20 |       0 |   0.0
     Bailey |       0 |    3062 | 100.0 |       0 |      23 | 100.0
      IceCv |       0 |   10386 | 100.0 |       0 |      28 | 100.0
    Volcano |       0 |    6459 | 100.0 |       0 |      17 | 100.0
      Arena |     542 |    7796 |  93.5 |       1 |       1 |  50.0
            +---------+---------+-------+---------+---------+-------

Illustrated notes

Table legend:
 A = Kills in this place as a percentage of kills in the entire game.
 B = Kills by you in this place as a percentage of kills by you in the entire game.
 C = Kills by friends in this place as a percentage of kills by friends in the entire game.
 D = Other kills in this place as a percentage of other kills in the entire game.
 E = Experience gained in this place as a percentage of experience gained in the entire game.
 F = Experience gained in this place divided by the number of levels of this place that you have seen.
                   A       B       C       D       E      F
               +-------+-------+-------+-------+-------+----------------------
         Total | 100.0 | 100.0 |   N/A | 100.0 | 100.0 | 16918.0
       Dungeon |  15.5 |  15.8 |   N/A |   4.2 |   4.8 | 3753.3
          Lair |   7.6 |   7.7 |   N/A |   2.1 |   4.2 | 10031.0
        Shoals |   5.8 |   5.8 |   N/A |   4.2 |   6.6 | 19474.8
   Spider Nest |  12.1 |  12.2 |   N/A |   4.2 |  10.1 | 30040.8
    Slime Pits |   5.7 |   5.7 |   N/A |   4.2 |   6.4 | 15092.6
  Orcish Mines |   4.4 |   4.5 |   N/A |   0.0 |   1.2 | 7086.5
   Elven Halls |   7.5 |   7.3 |   N/A |  18.8 |   9.1 | 35919.0
        Vaults |  18.6 |  18.4 |   N/A |  27.1 |  26.5 | 62696.4
        Depths |  10.4 |  10.2 |   N/A |  16.7 |  16.1 | 47811.5
          Hell |   0.7 |   0.7 |   N/A |   0.0 |   1.1 | 12932.0
      Ziggurat |   8.8 |   8.6 |   N/A |  18.8 |  11.5 | 9096.2
        Bailey |   1.0 |   1.0 |   N/A |   0.0 |   0.3 | 3062.0
      Ice Cave |   1.2 |   1.2 |   N/A |   0.0 |   0.9 | 10386.0
       Volcano |   0.7 |   0.8 |   N/A |   0.0 |   0.5 | 6459.0
         Arena |   0.1 |   0.1 |   N/A |   0.0 |   0.7 | 4169.0
               +-------+-------+-------+-------+-------+----------------------

Table legend: (Time is in decaauts)
 A = Elapsed time spent in this place.
 B = Non-inter-level travel time spent in this place.
 C = Inter-level travel time spent in this place.
 D = Time resting spent in this place.
 E = Time spent auto-exploring this place.
 F = Levels seen in this place.
 G = Mean time per level.
                   A        B        C        D        E       F      G
               +--------+--------+--------+--------+--------+-----+--------+
         Total |  53671 |  49498 |   4173 |   3416 |  32932 |  70 |  766.7 |
       Dungeon |  15946 |  14354 |   1592 |    663 |  10998 |  15 | 1063.1 |
        Temple |    320 |    290 |     30 |      0 |    248 |   1 |  320.0 |
          Lair |   8851 |   7998 |    853 |   1189 |   5416 |   5 | 1770.2 |
        Shoals |   3539 |   3386 |    153 |     93 |   2363 |   4 |  884.8 |
   Spider Nest |   3727 |   3521 |    206 |     76 |   2131 |   4 |  931.8 |
    Slime Pits |   2608 |   2512 |     96 |    254 |   1446 |   5 |  521.6 |
  Orcish Mines |   2612 |   2077 |    535 |    405 |   1077 |   2 | 1306.0 |
   Elven Halls |   2892 |   2770 |    122 |      0 |   1871 |   3 |  964.0 |
        Vaults |   6101 |   5803 |    298 |      0 |   3992 |   5 | 1220.2 |
        Depths |   3890 |   3604 |    286 |    165 |   2363 |   4 |  972.5 |
          Hell |     51 |     51 |      0 |      0 |      0 |   1 |   51.0 |
      Ziggurat |    938 |    938 |      0 |    195 |     66 |  15 |   62.5 |
         Trove |     77 |     77 |      0 |      0 |      0 |   1 |   77.0 |
        Bailey |   1052 |   1052 |      0 |     75 |    658 |   1 | 1052.0 |
      Ice Cave |    542 |    542 |      0 |     23 |    275 |   1 |  542.0 |
       Volcano |    472 |    472 |      0 |    260 |     26 |   1 |  472.0 |
         Arena |     46 |     46 |      0 |     17 |      0 |   2 |   23.0 |
               +--------+--------+--------+--------+--------+-----+--------+

Top non-repeatable levels by time:
  Lair:2: 2308 daAuts
  Lair:5: 2247 daAuts
  Lair:4: 1848 daAuts
    D:11: 1640 daAuts
Spider:1: 1521 daAuts
Vaults:1: 1442 daAuts
   Orc:2: 1365 daAuts
    D:10: 1311 daAuts
  Lair:3: 1311 daAuts
Vaults:5: 1285 daAuts
   Orc:1: 1247 daAuts
Vaults:3: 1216 daAuts
    D:15: 1201 daAuts
     D:9: 1161 daAuts
     D:5: 1139 daAuts
